Workbook

Sheet PRESUPUESTO OFICIAL
B7: FONDO DE DESARROLLO LOCAL DE TUNJUELITO
B8: ALCALDÍA LOCAL DE TUNJUELITO
B9: (objeto del contrato)
B10: FORMULARIO No. 1
B11: PRESUPUESTO OFICIAL
B12: MANTENIMIENTO DE SEDE ALCALDIA LOCAL DE TUNJUELITO
B14: COD | C14: REFERENCIA | D14: ÍTEM | E14: DESCRIPCIÓN | F14: UNID. | G14: CANTIDAD | H14: VR. UNITARIO | I14: VR. UNITARIO INCLUYE AIU | J14: VALOR TOTAL COSTO DIRECTO | K14: VALOR TOTAL
B15: =+'Consolidado por ítem'!D5 -> 11.1.7 | C15: FFIE | D15: 1 | E15: =+'Consolidado por ítem'!E5 -> IMPERMEABILIZACION INTERIOR PARA TANQUES DE CONCRETO MEMBRANA PVC SIKAPLAN 12 NTR O EQUIVALENTE. INCLUYE REMATES | F15: =+'Consolidado por ítem'!F5 -> M2 | G15: 120 | H15: =+'Consolidado por ítem'!H5 -> 196990 | I15: =+ROUND(H15*(1+$H$66+$H$67+$H$68),0) -> 256087 | J15: =ROUND(H15*G15,0) -> 23638800 | K15: =ROUND(I15*G15,0) -> 30730440
B16: =+'Consolidado por ítem'!D7 -> 1.2.39N | C16: FFIE | D16: 3 | E16: =+'Consolidado por ítem'!E7 -> DEMOLICIÓN DE PAÑETE DE MUROS (INC CARGUE, RETIRO Y DISPOSICION FINAL A SITIOS AUTORIZADOS) | F16: =+'Consolidado por ítem'!F7 -> M2 | G16: 25.2 | H16: =+'Consolidado por ítem'!H7 -> 14647 | I16: =+ROUND(H16*(1+$H$66+$H$67+$H$68),0) -> 19041 | J16: =ROUND(H16*G16,0) -> 369104 | K16: =ROUND(I16*G16,0) -> 479833
B17: =+'Consolidado por ítem'!D8 -> 9.1.2 | C17: FFIE | D17: 4 | E17: =+'Consolidado por ítem'!E8 -> PAÑETE IMPERMEABILIZADO S/MUROS 1:3. | F17: =+'Consolidado por ítem'!F8 -> M2 | G17: =+'Consolidado por ítem'!G8 -> 305 | H17: =+'Consolidado por ítem'!H8 -> 36330 | I17: =+ROUND(H17*(1+$H$66+$H$67+$H$68),0) -> 47229 | J17: =ROUND(H17*G17,0) -> 11080650 | K17: =ROUND(I17*G17,0) -> 14404845
B18: =+'Consolidado por ítem'!D9 -> 17.1.1 | C18: FFIE | D18: 5 | E18: =+'Consolidado por ítem'!E9 -> SUMINISTRO E INSTALACION DE ESTUCO SOBRE PAÑETE | F18: =+'Consolidado por ítem'!F9 -> M2 | G18: =+G17 -> 305 | H18: =+'Consolidado por ítem'!H9 -> 13767 | I18: =+ROUND(H18*(1+$H$66+$H$67+$H$68),0) -> 17897 | J18: =ROUND(H18*G18,0) -> 4198935 | K18: =ROUND(I18*G18,0) -> 5458585
B19: =+'Consolidado por ítem'!D10 -> 17.1.2 | C19: FFIE | D19: 6 | E19: =+'Consolidado por ítem'!E10 -> SUMINISTRO E INSTALACION DE PINTURA EN VINILO TIPO 1 MUROS INTERIORES 3 MANOS | F19: =+'Consolidado por ítem'!F10 -> M2 | G19: =+'Consolidado por ítem'!G10 -> 1010 | H19: =+'Consolidado por ítem'!H10 -> 19673 | I19: =+ROUND(H19*(1+$H$66+$H$67+$H$68),0) -> 25575 | J19: =ROUND(H19*G19,0) -> 19869730 | K19: =ROUND(I19*G19,0) -> 25830750
B20: =+'Consolidado por ítem'!D11 -> 17.3.7 | C20: FFIE | D20: 7 | E20: =+'Consolidado por ítem'!E11 -> SUMINISTRO E INSTALACION DE PINTURA EPOXICA PARA PISOS, MUROS Y TECHOS INCLUYE PREPARACION DE SUPERFICIE Y PRIMER DE ADHERENCIA | F20: =+'Consolidado por ítem'!F11 -> M2 | G20: =+'Consolidado por ítem'!G11 -> 155 | H20: =+'Consolidado por ítem'!H11 -> 24063 | I20: =+ROUND(H20*(1+$H$66+$H$67+$H$68),0) -> 31282 | J20: =ROUND(H20*G20,0) -> 3729765 | K20: =ROUND(I20*G20,0) -> 4848710
B21: =+'Consolidado por ítem'!D12 -> NP-PVC-01 | C21: FFIE | D21: 8 | E21: LAMINAS DE PVC PARA PARED | F21: =+'Consolidado por ítem'!F12 -> UN | G21: =+'Consolidado por ítem'!G12 -> 32 | H21: 35000 | I21: =+ROUND(H21*(1+$H$66+$H$67+$H$68),0) -> 45500 | J21: =ROUND(H21*G21,0) -> 1120000 | K21: =ROUND(I21*G21,0) -> 1456000
B22: =+'Consolidado por ítem'!D13 -> 15.2.8 | C22: FFIE | D22: 9 | E22: =+'Consolidado por ítem'!E13 -> SUMINISTRO E INSTALACIÓN REJILLA SIFON 20 X 20 | F22: =+'Consolidado por ítem'!F13 -> UN | G22: =+'Consolidado por ítem'!G13 -> 10 | H22: =+'Consolidado por ítem'!H13 -> 14172 | I22: =+ROUND(H22*(1+$H$66+$H$67+$H$68),0) -> 18424 | J22: =ROUND(H22*G22,0) -> 141720 | K22: =ROUND(I22*G22,0) -> 184240
B23: =+'Consolidado por ítem'!D14 -> 1.2.49N | C23: FFIE | D23: 10 | E23: =+'Consolidado por ítem'!E14 -> LIMPIEZA Y ADECUACIÓN A CÁRCAMO (INCLUYE DESMONTE Y MONTAJE DE REJILLA, LIMPIEZA, RETIRO Y DISPOSICIÓN DE MATERIAL SOBRANTE, RESANE DE GRIETAS Y BORDE) | F23: =+'Consolidado por ítem'!F14 -> M | G23: 20 | H23: =+'Consolidado por ítem'!H14 -> 14628 | I23: =+ROUND(H23*(1+$H$66+$H$67+$H$68),0) -> 19016 | J23: =ROUND(H23*G23,0) -> 292560 | K23: =ROUND(I23*G23,0) -> 380320
B24: =+'Consolidado por ítem'!D15 -> 11.1.2 | C24: FFIE | D24: 11 | E24: =+'Consolidado por ítem'!E15 -> IMPERMEABILIZACION EXTERIOR ESTRUCTURAS DE CONCRETO ENTERRADAS IGOL DENSO 2 MANOS | F24: =+'Consolidado por ítem'!F15 -> M2 | G24: 300 | H24: =+'Consolidado por ítem'!H15 -> 61267 | I24: =+ROUND(H24*(1+$H$66+$H$67+$H$68),0) -> 79647 | J24: =ROUND(H24*G24,0) -> 18380100 | K24: =ROUND(I24*G24,0) -> 23894100
B25: =+'Consolidado por ítem'!D16 -> 17.1.5 | C25: FFIE | D25: 12 | E25: =+'Consolidado por ítem'!E16 -> SUMINISTRO E INSTALACION DE VINILO BAJO PLACA - 2 MANOS | F25: =+'Consolidado por ítem'!F16 -> M2 | G25: =+'Consolidado por ítem'!G16 -> 115 | H25: =+'Consolidado por ítem'!H16 -> 18685 | I25: =+ROUND(H25*(1+$H$66+$H$67+$H$68),0) -> 24291 | J25: =ROUND(H25*G25,0) -> 2148775 | K25: =ROUND(I25*G25,0) -> 2793465
B26: =+'Consolidado por ítem'!D17 -> 20.1.7 | C26: FFIE | D26: 13 | E26: =+'Consolidado por ítem'!E17 -> LIMPIEZA E IMPERMEABILIZACION DE FACHADAS CON ACIDO MURIATICO E HIDROFUGADO CON SIKA IMPERMUR O SIMILAR | F26: =+'Consolidado por ítem'!F17 -> M2 | G26: =+'Consolidado por ítem'!G17 -> 45 | H26: =+'Consolidado por ítem'!H17 -> 45408 | I26: =+ROUND(H26*(1+$H$66+$H$67+$H$68),0) -> 59030 | J26: =ROUND(H26*G26,0) -> 2043360 | K26: =ROUND(I26*G26,0) -> 2656350
B27: =+'Consolidado por ítem'!D18 -> 18.1.3 | C27: FFIE | D27: 14 | E27: =+'Consolidado por ítem'!E18 -> SUMINISTRO E INSTALACION CERRADURA PARA OFICINA POMO ENTRADA REF. SATURNO DE SCHLAGE O EQUIVALENTE | F27: =+'Consolidado por ítem'!F18 -> UN | G27: =+'Consolidado por ítem'!G18 -> 2 | H27: =+'Consolidado por ítem'!H18 -> 94986 | I27: =+ROUND(H27*(1+$H$66+$H$67+$H$68),0) -> 123482 | J27: =ROUND(H27*G27,0) -> 189972 | K27: =ROUND(I27*G27,0) -> 246964
B28: =+'Consolidado por ítem'!D19 -> 8.1.23 | C28: FFIE | D28: 15 | E28: =+'Consolidado por ítem'!E19 -> SALIDA + TOMACORRIENTE DOBLE MONOFASICA - INCLUYE CAJA, TUBERIA PVC DE 1/2", CONDUCTORES DE COBRE #12 AWG, LS ZH, APARATO ELECTRICO CORRESPONDIENTE Y DEMÁS ACCESORIOS NECESARIOS PARA SU CORRECTA INSTALACIÓN. SALIDA HASTA UNA DISTANCIA DE 3,00M | F28: =+'Consolidado por ítem'!F19 -> UN | G28: =+'Consolidado por ítem'!G19 -> 10 | H28: =+'Consolidado por ítem'!H19 -> 130558 | I28: =+ROUND(H28*(1+$H$66+$H$67+$H$68),0) -> 169725 | J28: =ROUND(H28*G28,0) -> 1305580 | K28: =ROUND(I28*G28,0) -> 1697250
B29: =+'Consolidado por ítem'!D20 -> 18.3.3 | C29: FFIE | D29: 16 | E29: =+'Consolidado por ítem'!E20 -> SUMINISTRO E INSTALACION VIDRIO CRISTAL TEMPLADO INCOLORO - 10 MM | F29: =+'Consolidado por ítem'!F20 -> M2 | G29: 32 | H29: =+'Consolidado por ítem'!H20 -> 352091 | I29: =+ROUND(H29*(1+$H$66+$H$67+$H$68),0) -> 457718 | J29: =ROUND(H29*G29,0) -> 11266912 | K29: =ROUND(I29*G29,0) -> 14646976
B30: =+'Consolidado por ítem'!D21 -> 1.2.58N | C30: FFIE | D30: 17 | E30: =+'Consolidado por ítem'!E21 -> LIMPIEZA Y REEMBOQUILLE DE ENCHAPE (Incluye Acido Nitrico, boquilla y todo lo requerido para su respectiva ejecucion) | F30: =+'Consolidado por ítem'!F21 -> M2 | G30: =+'Consolidado por ítem'!G21 -> 25 | H30: =+'Consolidado por ítem'!H21 -> 20317 | I30: =+ROUND(H30*(1+$H$66+$H$67+$H$68),0) -> 26412 | J30: =ROUND(H30*G30,0) -> 507925 | K30: =ROUND(I30*G30,0) -> 660300
B31: =+'Consolidado por ítem'!D22 -> 15.1.12 | C31: FFIE | D31: 18 | E31: =+'Consolidado por ítem'!E22 -> SUMINISTRO, TRANSPORTE E INSTALACION DE LAVAMANOS DE SOBREPONER MARSELLA BLANCO TIPO CORONA Ó EQUIVALENTE. INCLUYE SIFON Y ACOPLE | F31: =+'Consolidado por ítem'!F22 -> UN | G31: =+'Consolidado por ítem'!G22 -> 4 | H31: =+'Consolidado por ítem'!H22 -> 415619 | I31: =+ROUND(H31*(1+$H$66+$H$67+$H$68),0) -> 540305 | J31: =ROUND(H31*G31,0) -> 1662476 | K31: =ROUND(I31*G31,0) -> 2161220
B32: =+'Consolidado por ítem'!D23 -> 10.2.7 | C32: FFIE | D32: 19 | E32: =+'Consolidado por ítem'!E23 -> BALDOSIN GRANITO BH-5 DE 33X33 MORTERO 1:4 - (INCLUYE JUNTA DE DILATACION, DESTRONQUE, PULIDA Y BRILLADA) (SUMINISTRO E INSTALACIÓN) | F32: =+'Consolidado por ítem'!F23 -> M2 | G32: =+'Consolidado por ítem'!G23 -> 4 | H32: =+'Consolidado por ítem'!H23 -> 197310 | I32: =+ROUND(H32*(1+$H$66+$H$67+$H$68),0) -> 256503 | J32: =ROUND(H32*G32,0) -> 789240 | K32: =ROUND(I32*G32,0) -> 1026012
B33: =+'Consolidado por ítem'!D24 -> 15.2.11 | C33: FFIE | D33: 20 | E33: =+'Consolidado por ítem'!E24 -> SUMINISTRO E INSTALACIÓN REJILLA VENTILACION 20 X 20 | F33: =+'Consolidado por ítem'!F24 -> UN | G33: =+'Consolidado por ítem'!G24 -> 3 | H33: =+'Consolidado por ítem'!H24 -> 21332 | I33: =+ROUND(H33*(1+$H$66+$H$67+$H$68),0) -> 27732 | J33: =ROUND(H33*G33,0) -> 63996 | K33: =ROUND(I33*G33,0) -> 83196
B34: =+'Consolidado por ítem'!D25 -> 12.1.8 | C34: FFIE | D34: 21 | E34: =+'Consolidado por ítem'!E25 -> PUERTA Y MARCO EN ALUMINIO ANODIZADO SERIE 3831/5020 - COLOR MATE NATURAL + VIDRIO CRISTAL TEMPLADO INCOLORO 5 MM (SUMINISTRO E INSTALACIÓN) | F34: =+'Consolidado por ítem'!F25 -> M2 | G34: =+'Consolidado por ítem'!G25 -> 6 | H34: =+'Consolidado por ítem'!H25 -> 998477 | I34: =+ROUND(H34*(1+$H$66+$H$67+$H$68),0) -> 1298020 | J34: =ROUND(H34*G34,0) -> 5990862 | K34: =ROUND(I34*G34,0) -> 7788120
B35: =+'Consolidado por ítem'!D26 -> 12.2.11N | C35: FFIE | D35: 22 | E35: =+'Consolidado por ítem'!E26 -> SUMINISTRO E INSTALACIÓN DE PUERTA EN LÁMINA SENCILLA COLD ROLLED C18 INCLUYE MARCO EN LAMINA GALVANIZADA C18 (ANTICORROSIVO Y PINTURA EN ESMALTE A DOS MANOS, INCLUYE ANCLAJES, BISAGRAS Y CERRADURA DE PASADOR) | F35: =+'Consolidado por ítem'!F26 -> M2 | G35: =+'Consolidado por ítem'!G26 -> 2.1 | H35: =+'Consolidado por ítem'!H26 -> 616222 | I35: =+ROUND(H35*(1+$H$66+$H$67+$H$68),0) -> 801089 | J35: =ROUND(H35*G35,0) -> 1294066 | K35: =ROUND(I35*G35,0) -> 1682287
B36: =+'Consolidado por ítem'!D27 -> 10.2.19 | C36: FFIE | D36: 23 | E36: =+'Consolidado por ítem'!E27 -> SUMINISTRO E INSTALACION DE CINTA ANTIDESLIZANTE PISOS ANCHO 5 CMS INCLUYE MATERIALES Y MANO DE OBRA | F36: =+'Consolidado por ítem'!F27 -> M | G36: =+'Consolidado por ítem'!G27 -> 35 | H36: =+'Consolidado por ítem'!H27 -> 15811 | I36: =+ROUND(H36*(1+$H$66+$H$67+$H$68),0) -> 20554 | J36: =ROUND(H36*G36,0) -> 553385 | K36: =ROUND(I36*G36,0) -> 719390
B37: =+'Consolidado por ítem'!D28 -> 8.2.8 | C37: FFIE | D37: 24 | E37: =+'Consolidado por ítem'!E28 -> SUMINISTRO, TRANSPORTE E INSTALACIÓN DE CANALETA PLASTICA (20 X 5) CM CON DIVISIÓN. INCLUYE: PINTURA ELECTROSTATICA, PUESTA A TIERRA, TAPA TORNILLO, ELEMENTOS DE FIJACIÓN EN PARED Y DEMÁS ACCESORIOS PARA SU CORRECTA INSTALACIÓN | F37: =+'Consolidado por ítem'!F28 -> M | G37: =+'Consolidado por ítem'!G28 -> 22 | H37: =+'Consolidado por ítem'!H28 -> 21734 | I37: =+ROUND(H37*(1+$H$66+$H$67+$H$68),0) -> 28254 | J37: =ROUND(H37*G37,0) -> 478148 | K37: =ROUND(I37*G37,0) -> 621588
B38: =+'Consolidado por ítem'!D29 -> 18.3.4 | C38: FFIE | D38: 25 | E38: =+'Consolidado por ítem'!E29 -> SUMINISTRO E INSTALACION DE VIDRIO DE SEGURIDAD LAMINADO 3+3 | F38: =+'Consolidado por ítem'!F29 -> M2 | G38: =+'Consolidado por ítem'!G29 -> 3 | H38: =+'Consolidado por ítem'!H29 -> 213331 | I38: =+ROUND(H38*(1+$H$66+$H$67+$H$68),0) -> 277330 | J38: =ROUND(H38*G38,0) -> 639993 | K38: =ROUND(I38*G38,0) -> 831990
B39: =+'Consolidado por ítem'!D30 -> 8.1.32N | C39: FFIE | D39: 26 | E39: =+'Consolidado por ítem'!E30 -> SUMINISTRO, TRANSPORTE E INSTALACIÓN DE SALIDA ELÉCTRICA PARA SENSOR DE PRESENCIA 360°, 1000W, 360º, 120V. INCLUYE: SENSOR 360° , TUBERÍA EMT Ø3/4", CAJA METÁLICA 12X12X5, CONDUCTORES #12 AWG, PE, HF, FR, LS, CT Y DEMÁS ACCESORIOS NECESARIOS PARA SU CORRECTA INSTALACIÓN. (SALIDA PROMEDIO HASTA 3M) | F39: =+'Consolidado por ítem'!F30 -> UN | G39: =+'Consolidado por ítem'!G30 -> 3 | H39: =+'Consolidado por ítem'!H30 -> 184397 | I39: =+ROUND(H39*(1+$H$66+$H$67+$H$68),0) -> 239716 | J39: =ROUND(H39*G39,0) -> 553191 | K39: =ROUND(I39*G39,0) -> 719148
B40: =+'Consolidado por ítem'!D31 -> 16.1.7N | C40: FFIE | D40: 27 | E40: =+'Consolidado por ítem'!E31 -> REINSTALACION DE CIELO RASO EXISTENTE. INCLUYE REPOSICION DE PIEZAS EN MALESTADO. NO INCLUYE ESTRUCTURA | F40: =+'Consolidado por ítem'!F31 -> M2 | G40: =+'Consolidado por ítem'!G31 -> 18 | H40: =+'Consolidado por ítem'!H31 -> 58708 | I40: =+ROUND(H40*(1+$H$66+$H$67+$H$68),0) -> 76320 | J40: =ROUND(H40*G40,0) -> 1056744 | K40: =ROUND(I40*G40,0) -> 1373760
B41: =+'Consolidado por ítem'!D32 -> 9.1.1 | C41: FFIE | D41: 28 | E41: =+'Consolidado por ítem'!E32 -> FILOS Y DILATACIONES EN PAÑETE | F41: =+'Consolidado por ítem'!F32 -> M | G41: =+'Consolidado por ítem'!G32 -> 80 | H41: =+'Consolidado por ítem'!H32 -> 10065 | I41: =+ROUND(H41*(1+$H$66+$H$67+$H$68),0) -> 13085 | J41: =ROUND(H41*G41,0) -> 805200 | K41: =ROUND(I41*G41,0) -> 1046800
... B49: =+'Consolidado por ítem'!D40 -> 18.1.4 | C49: FFIE | D49: 36 | E49: =+'Consolidado por ítem'!E40 -> SUMINISTRO E INSTALACION CERRADURA PARA BAÑO POMO ENTRADA REF. SATURNO DE SCHLAGE O EQUIVALENTE | F49: =+'Consolidado por ítem'!F40 -> UN | G49: =+'Consolidado por ítem'!G40 -> 4 | H49: =+'Consolidado por ítem'!H40 -> 93008 | I49: =+ROUND(H49*(1+$H$66+$H$67+$H$68),0) -> 120910 | J49: =ROUND(H49*G49,0) -> 372032 | K49: =ROUND(I49*G49,0) -> 483640
B50: =+'Consolidado por ítem'!D41 -> 12.2.6 | C50: FFIE | D50: 38 | E50: =+'Consolidado por ítem'!E41 -> SUMINISTRO E INSTALACION DE BARANDA METALICA CORREDORES DE CIRCULACION, TUBO CIRCULAR EN ACERO GALVANIZADO DE 2" INCLINADO HACIA EL INTERIOR, EN ANCLAJE LATERAL A LA LOSA CON PLATINAS DE 0,17 CM X 0,20 CM DE ACERO DE 1/4" Y CHAZO DE ANCLAJE DE 3/8" X 3" CON PLATINAS DE HIERRO LATERALES DE 3/8" X 2" Y PLATINAS INTERNAS DE 1/4" X 1 1/2" TUBO INTERNO EN ACERO DE 1 1/2" DOS MANOS DE ANTICORROSIVO Y ACABADO EN PINTURA ESMALTE | F50: =+'Consolidado por ítem'!F41 -> M | G50: 13.6 | H50: =+'Consolidado por ítem'!H41 -> 770969 | I50: =+ROUND(H50*(1+$H$66+$H$67+$H$68),0) -> 1002260 | J50: =ROUND(H50*G50,0) -> 10485178 | K50: =ROUND(I50*G50,0) -> 13630736
B51: =+'Consolidado por ítem'!D42 -> 16.2.2 | C51: FFIE | D51: 39 | E51: =+'Consolidado por ítem'!E42 -> SUMINISTRO E INSTALACION DE DIVISIONES PARA BAÑOS EN LAMINA CALIBRE 18 | F51: =+'Consolidado por ítem'!F42 -> M2 | G51: =+'Consolidado por ítem'!G42 -> 4 | H51: =+'Consolidado por ítem'!H42 -> 812077 | I51: =+ROUND(H51*(1+$H$66+$H$67+$H$68),0) -> 1055700 | J51: =ROUND(H51*G51,0) -> 3248308 | K51: =ROUND(I51*G51,0) -> 4222800
B52: =+'Consolidado por ítem'!D43 -> 13.1.4 | C52: FFIE | D52: 40 | E52: =+'Consolidado por ítem'!E43 -> ENCHAPE PARED 20 X 30 - (INCLUYE WIN EN ALUMINIO) (SUMINISTRO E INSTALACIÓN) | F52: =+'Consolidado por ítem'!F43 -> M2 | G52: =+'Consolidado por ítem'!G43 -> 3 | H52: =+'Consolidado por ítem'!H43 -> 61712 | I52: =+ROUND(H52*(1+$H$66+$H$67+$H$68),0) -> 80226 | J52: =ROUND(H52*G52,0) -> 185136 | K52: =ROUND(I52*G52,0) -> 240678
B53: =+'Consolidado por ítem'!D44 -> 18.1.1 | C53: FFIE | D53: 41 | E53: =+'Consolidado por ítem'!E44 -> SUMINISTRO E INSTALACION CERRADURA DE INGRESO PRINCIPAL LLAVE MULTIPUNTO YALE 987 O EQUIVALENTE | F53: =+'Consolidado por ítem'!F44 -> UN | G53: =+'Consolidado por ítem'!G44 -> 1 | H53: =+'Consolidado por ítem'!H44 -> 288322 | I53: =+ROUND(H53*(1+$H$66+$H$67+$H$68),0) -> 374819 | J53: =ROUND(H53*G53,0) -> 288322 | K53: =ROUND(I53*G53,0) -> 374819
B54: =+'Consolidado por ítem'!D45 -> 16.1.3 | C54: FFIE | D54: 1 | E54: =+'Consolidado por ítem'!E45 -> SUMINISTRO, TRANSPORTE E INSTALACIÓN DE CIELO RASO EN LAMINA PLANA SUPERBOARD O EQUIVALENTE E=6MM. INCLUYE: ENCINTADO, MASILLA Y PINTURA | F54: =+'Consolidado por ítem'!F45 -> M2 | G54: =+'Consolidado por ítem'!G45 -> 23 | H54: =+'Consolidado por ítem'!H45 -> 119342 | I54: =+ROUND(H54*(1+$H$66+$H$67+$H$68),0) -> 155145 | J54: =ROUND(H54*G54,0) -> 2744866 | K54: =ROUND(I54*G54,0) -> 3568335
B55: =+'Consolidado por ítem'!D46 -> 10.4.3 | C55: FFIE | D55: 2 | E55: =+'Consolidado por ítem'!E46 -> GRADAS EN GRANITO PULIDO DE 0.30 | F55: =+'Consolidado por ítem'!F46 -> M | G55: =+'Consolidado por ítem'!G46 -> 8 | H55: =+'Consolidado por ítem'!H46 -> 134410 | I55: =+ROUND(H55*(1+$H$66+$H$67+$H$68),0) -> 174733 | J55: =ROUND(H55*G55,0) -> 1075280 | K55: =ROUND(I55*G55,0) -> 1397864
B56: =+'Consolidado por ítem'!D47 -> 11.1.6 | C56: FFIE | D56: 3 | E56: =+'Consolidado por ítem'!E47 -> SUMINISTRO E INSTALACION DE MANTO ASFALTICO 2.8 A 3.00 MM | F56: =+'Consolidado por ítem'!F47 -> M2 | G56: =+'Consolidado por ítem'!G47 -> 40 | H56: =+'Consolidado por ítem'!H47 -> 66467 | I56: =+ROUND(H56*(1+$H$66+$H$67+$H$68),0) -> 86407 | J56: =ROUND(H56*G56,0) -> 2658680 | K56: =ROUND(I56*G56,0) -> 3456280
B57: =+'Consolidado por ítem'!D48 -> 11.1.4 | C57: FFIE | D57: 4 | E57: =+'Consolidado por ítem'!E48 -> IMPERMEABILIZACION CUBIERTA DE CONCRETO, SISTEMA 3 CAPAS, MANTOS ASFALTICOS MODIFICADOS CON REFUERZOS EN FIBRA DE VIDRIO E=3MM. ACABADO FINAL FOIL DE ALUMINIO, NO TRANSITABLE. INCLUYE REMATES 15 CM POR ENCIMA DEL NIVEL DE LA CUBIERTA Y CAJILLAS PARA INSTALACION DE TRAGANTES | F57: =+'Consolidado por ítem'!F48 -> M2 | G57: =+'Consolidado por ítem'!G48 -> 400 | H57: =+'Consolidado por ítem'!H48 -> 155933 | I57: =+ROUND(H57*(1+$H$66+$H$67+$H$68),0) -> 202713 | J57: =ROUND(H57*G57,0) -> 62373200 | K57: =ROUND(I57*G57,0) -> 81085200
B58: =+'Consolidado por ítem'!D49 -> 11.1.3 | C58: FFIE | D58: 5 | E58: =+'Consolidado por ítem'!E49 -> IMPERMEABILIZACION CANALES MANTO ASFALTICO Y FOIL ALUMINIO | F58: =+'Consolidado por ítem'!F49 -> M2 | G58: =+'Consolidado por ítem'!G49 -> 30 | H58: =+'Consolidado por ítem'!H49 -> 97100 | I58: =+ROUND(H58*(1+$H$66+$H$67+$H$68),0) -> 126230 | J58: =ROUND(H58*G58,0) -> 2913000 | K58: =ROUND(I58*G58,0) -> 3786900
B59: SUB TOTAL | J59: =ROUND(SUM(J15:J58),0) -> 213738949 | K59: =ROUND(SUM(K15:K58),0) -> 277860802
B61: COMPONENTE AMBIENTAL Y SST | H61: 0.0323 | K61: =ROUND(H61*J59,0) -> 6903768
B62: COMPONENTE SOCIAL | H62: 0.0011 | K62: =ROUND(H62*J59,0) -> 235113
B64: SUBTOTAL COMPONENTES | K64: =SUM(K61:K62) -> 7138881
B66: Administración (% de los CD) | H66: 0.24 | K66: =ROUND(J59*H66,0) -> 51297348
B67: Imprevistos (%de los CD) | H67: ='[1]AIU OBRA'!O64 -> 0.01 | K67: =ROUND(J59*H67,0) -> 2137389
B68: Utilidad (%de los CD) | H68: 0.05 | K68: =ROUND(J59*H68,0) -> 10686947
B70: SUBTOTAL COSTOS INDIRECTOS | K70: =SUM(K66:K69) -> 64121684
B72: BOLSA PARA AJUSTES U OBRAS COMPLEMENTARIAS | K72: 486 | M72: 285000000
B74: COSTO TOTAL OBRA | K74: =ROUNDUP(J59+K64+K70+K72,0) -> 285000000 | M74: =+M72-K74 -> 0
B76: NOTA 1: Se debe tener en cuenta que el PRECIO UNITARIO incluye el valor de A.I.U.
B77: NOTA 2: Cuando la fracción decimal del peso sea igual o superior a 5 se aproximara por exceso al número entero siguiente del peso y cuando la fracción decimal del peso sea inferior a 5 se aproximará por defecto al número entero del peso.
B78: NOTA 3: El A.I.U y su discriminación deben estar en porcentaje (%).

Sheet AIU OBRA
B7: FONDO DE DESARROLLO LOCAL DE TUNJUELITO
B8: ALCALDÍA LOCAL DE TUNJUELITO
B13: PRESUPUESTO ESTIMADO DE OBRA | J13: FECHA:
B14: COSTOS DIRECTOS DE OBRA | E14: =+'PRESUPUESTO OFICIAL'!J59 -> 213738949 | J14: PROYECTO No. | P14: 384847000 | Q14: =+P14*0.11 -> 42333170
B15: TERMINO ESTIMADO DE EJECUCIÓN DE OBRA | E15: 4.5 | F15: MESES | P15: =+P14-Q14 -> 342513830
B16: TERMINO ESTIMADO ETAPA DE PRELIMINARES | E16: 0.5 | F16: MESES | P16: =+P15*0.65 -> 2.2263399e+08
A18: IDU | B18: ÍTEM | C18: A. ADMINISTRACIÓN
C19: 1. COSTOS MENSUALES DE PERSONAL
C20: CARGO | E20: CANT | F20: CATEGORÍA | G20: PRELIMINARES | H20: OBRA | I20: RECIBO | J20: TOPE SALARIO (MES) | K20: FACTOR PRESTACIONAL | L20: TOTAL DEDICACIÓN POR ETAPA | O20: SALARIO + PRESTACIONES
G21: MES | H21: MES | I21: MES
G22: 1 | H22: =+E15 -> 4.5 | I22: 0 | L22: INICIO | M22: OBRA | N22: RECIBO
E23: A | G23: B | J23: C | K23: D | L23: E | O23: F=A*B*C*D*E
B24: 1 | C24: PERSONAL PROFESIONAL (Ingenieros y Otros)
A25: 9110 | B25: 1.1 | C25: DIRECTOR DE OBRA | E25: 1 | F25: 3 | G25: 0.1 | H25: 0.2 | J25: 6149000 | K25: 1.45 | L25: 0.5 | M25: =+E15 -> 4.5 | O25: =(E25*J25*K25)*((M25*H25)+(G25*L25)) -> 8470247.5
A26: 9484 | B26: 1.2 | C26: RESIDENTE DE OBRA | E26: 1 | F26: 4 | H26: 0.5 | J26: 5149000 | K26: 1.45 | L26: 0.5 | M26: =+E15 -> 4.5 | O26: =(E26*J26*K26)*((M26*H26)+(G26*L26)) -> 16798612
O28: =+SUM(O25:O27) -> 25268860
B30: 2 | C30: GASTOS OPERACIONALES MENSUALES | E30: CANT. | F30: AREA (M2) | G30: DEDICACIÓN | J30: DEDICACIÓN X ÁREA (M2) | K30: COSTO ($/M2.MES) | L30: N. MESES | O30: VALOR ($)
A31: 9578 | B31: 2.2 | C31: GASTOS OFICINA MES (PAPELERIA, FOTOCOPIAS Y OTROS | E31: 1 | F31: N/A | G31: 1 | J31: GLOB/MS | K31: 1460000 | L31: 4.5 | O31: =+L31*E31*G31*K31 -> 6570000
C32: SUBTOTAL GASTOS OPERACIONALES MENSUALES | O32: =O31 -> 6570000
C34: TOTAL COSTOS PERSONAL + GASTOS OPERACIONALES POR EL TÉRMINO DE EJECUCIÓN | O34: =+O28+O32 -> 31838860
C35: TOTAL COSTOS PERSONAL + GASTOS OPERACIONALES POR EL TÉRMINO DE EJECUCIÓN EN PORCENTAJE DEL COSTO DIRECTO | O35: =+O34/E14 -> 0.14896143
B38: 3. IMPUESTOS ESTIMADOS
B39: 3.1 | C39: IMPUESTOS
B40: ÍTEM | C40: DESCRIPCIÓN | L40: IMPUESTO | O40: VALOR ($)
B41: 3.101 | C41: Contribución Especial (Impuesto de Guerra Ley 1738 Dic 18-2014 Prórroga 4 años) | L41: 0.05 | O41: =L41*$E$14 -> 10686947
B42: 3.102 | C42: ICA (Ley 14 6 Jul 1983, Res 219 25 Feb 2004) | L42: 0.0076 | O42: =L42*$E$14 -> 1624416
B43: 3.103 | C43: GMF (Ley 1739 23 Dic 2014 modifica el Estatuto Tributario) | L43: 0.004 | O43: =L43*$E$14 -> 854955.8
B44: 3.104 | C44: Retefuente | L44: 0.02 | O44: =L44*$E$14 -> 4274779
B45: 3.105 | C45: Estampilla Unipedagógica (Dec 584 de 19 Dic 2014) | L45: 0.005 | O45: =L45*$E$14 -> 1068694.7
C46: SUBTOTAL IMPUESTOS | O46: =+SUM(O41:O45) -> 18509793
C48: TOTAL IMPUESTOS | O48: =+O46 -> 18509793
C49: TOTAL IMPUESTOS EN PORCENTAJE DEL COSTO DIRECTO | O49: =+O48/E14 -> 0.0866
C52: 4. GARANTÍAS
C53: ÍTEM | D53: DESCRIPCIÓN | H53: VR. BASE | J53: % ASEGURADO | K53: VIGENCIA AMPARO (MESES) | M53: TASA ASEGURADORA | O53: VALOR ($)
C54: 1.0001 | D54: Cumplimiento | F54: GARANTÍA ÚNICA | H54: 77835297 | J54: 0.2 | K54: 16 | M54: 0.004 | O54: =(((((H54*J54)*M54)/12)*K54)+2500)*1.19 -> 101773.94
C55: =C54+0.001 -> 1.0011 | D55: Salarios y Prestaciones Sociales | H55: 77835297 | J55: 0.1 | K55: =36+8 -> 44 | M55: 0.003 | O55: =(((((H55*J55)*M55)/12)*K55)+2500)*1.19 -> 104861.4
C56: =C55+0.001 -> 1.0021 | D56: Estabilidad de la Obra | H56: 77835297 | J56: 0.3 | K56: 60 | M56: 0.004 | O56: =(((((H56*J56)*M56)/12)*K56)+2500)*1.19 -> 558719.02
C57: =C56+0.001 -> 1.0031 | D57: Predios, labores y Operaciones- Vigencia (Decreto 1082 de 2015 Sección III) | F57: RESPONSABILIDAD CIVIL EXTRACONTRACTUAL | H57: 77835297 | J57: 200 SMMLV | K57: 6 | M57: 0.003 | O57: =((((H57*M57)/12)*K57)+2500)*1.19 -> 141911
C59: TOTAL GARANTIAS | O59: =ROUND((SUM(O54:O57)),0) -> 907265
C60: TOTAL GARANTIAS EN PORCENTAJE DEL COSTO DIRECTO | O60: =+O59/E14 -> 0.0042447341
C63: A. ADMINISTRACIÓN (1 + 2 + 3 + 4) | O63: =+O35+O49+O60 -> 0.23980617
C64: I. IMPREVISTOS | O64: 0.01
C65: U. UTILIDAD | O65: 0.05
C67: A.I.U. (ADMINISTRACIÓN, IMPREVISTOS Y UTILIDAD) | O67: =+O63+O64+O65 -> 0.29980617

Sheet PGA- SST
A7: FONDO DE DESARROLLO LOCAL DE TUNJUELITO
A8: ALCALDÍA LOCAL DE TUNJUELITO
A11: PLAN DE GESTIÓN AMBIENTAL, SEGURIDAD Y SALUD EN EL TRABAJO
A13: COMPONTE A. ACTIVIDADES CONSTRUCTIVAS
A14: ÍTEMS | E14: ESPECIFICACIÓN | F14: UN. | G14: CANTIDAD | I14: VALOR UNITARIO | L14: VALOR TOTAL
A15: A 1 | B15: MANEJO DE CAMPAMENTOS Y CENTROS DE ACOPIO
A16: 1.1 | B16: ELEMENTOS DE CERRAMIENTO Y ASEO | E16: CANECA PLÁSTICA NEGRA DE 55 GALONES CON TAPA PLANA. | F16: UN | G16: 4 | I16: 122000 | L16: =I16*G16 -> 488000
A17: 1.2 | E17: POLISOMBRA VERDE PARA CERRAMIENTO. SUMINISTRO E INSTALACION. | F17: M2 | G17: 300 | I17: 2601 | L17: =G17*I17 -> 780300
F18: SUBTOTAL DEL PROGRAMA CA1 | L18: =L16+L17 -> 1268300
A20: A 2 | B20: MANEJO DE MATERIALES DE CONSTRUCCIÓN
A21: 2.1 | B21: PUNTO DE ACOPIO DE MATERIALES | E21: SEÑALIZACION TUBULAR COLOMBINA PLASTICA | F21: UN | G21: 8 | I21: 43962 | L21: =I21*G21 -> 351696
E22: PLASTICO NEGRO CALIBRE 6 | F22: M2 | G22: 300 | I22: 1312 | L22: =I22*G22 -> 393600
E23: CINTA PARA SEÑALIZACION DE 500MT X 4" PELIGRO CALIBRE 3.5 | F23: ROLLO | G23: 10 | I23: 24285 | L23: =I23*G23 -> 242850
F24: SUBTOTAL DEL PROGRAMA A2 | L24: =SUM(L21:M23) -> 988146
A26: COMPONENTE B. GESTIÓN EN SEGURIDAD Y SALUD EN EL TRABAJO
A27: ÍTEMS | F27: UN. | G27: CANTIDAD | I27: VALOR UNITARIO | L27: VALOR TOTAL
A28: B1 | B28: SEGURIDAD Y SALUD EN EL TRABAJO
A29: 1.01 | B29: BOTIQUIN PRIMEROS AUXILIOS CON MEDICAMENTOS DE 22CM X 27CM | F29: UN | G29: 2 | I29: 51308 | L29: =I29*G29 -> 102616
A30: 1.02 | B30: GAFAS DE SEGURIDAD | F30: UN | G30: 15 | I30: 4641 | L30: =I30*G30 -> 69615
A31: 1.03 | B31: GUANTES DE VAQUETA | F31: UN | G31: 5 | I31: 5831 | L31: =I31*G31 -> 29155
A32: 1.04 | B32: CASCO DE SEGURIDAD DIELECTRICO | F32: UN | G32: 15 | I32: 20111 | L32: =I32*G32 -> 301665
A33: 1.05 | B33: PROTECTOR AUDITIVO TIPO COPA | F33: UN | G33: 4 | I33: 18921 | L33: =I33*G33 -> 75684
A34: 1.07 | B34: EXTINTOR POLVO QUIMICO SECO DE 20LB TIPO ABC METALICO CON GANCHO Y AVISO | F34: UN | G34: 2 | I34: 56287 | L34: =I34*G34 -> 112574
A35: 1.09 | B35: MASCARILLA DESECHABLE CONTRA POLVOS Y PARTICULAS NO TÓXICAS | F35: UN | G35: 100 | I35: 1785 | L35: =I35*G35 -> 178500
A36: 1.1 | B36: PROTECTOR AUDITIVO TIPO TAPON INSERCIÓN EN SILICONA CON CORDEL EN ESTUCHE | F36: PAR | G36: 30 | I36: 2023 | L36: =I36*G36 -> 60690
A37: 1.11 | B37: BARBUQUEJO EN REATA CON MENTONERA CON TRES APOYOS PARA CASCO | F37: UN | G37: 15 | I37: 4165 | L37: =I37*G37 -> 62475
A38: 1.13 | B38: GUANTE NITRILO 13" RESISTENTE CONTRA QUIMICOS COMBUSTIBLES SOLVENTES GRASAS | F38: PAR | G38: 15 | I38: 7021 | L38: =I38*G38 -> 105315
A39: 1.14 | B39: GUANTE CAUCHO NEGRO CORRUGADO CALIBRE 35 | F39: PAR | G39: 30 | I39: 4641 | L39: =I39*G39 -> 139230
A40: 1.15 | B40: OVEROL EN DRILL DOS PIEZAS, CAMISA Y PANTALÓN | F40: UN | G40: 15 | I40: 44500 | L40: =I40*G40 -> 667500
A41: 1.16 | B41: FILTRO CONTRA POLVO PARA RESPIRADORES | F41: UN | G41: 2 | I41: 1904 | L41: =I41*G41 -> 3808
B42: EXÁMENES OCUPACIONALES | G42: CANTIDAD | I42: VALOR UNITARIO | L42: VALOR TOTAL
A43: 1.17 | B43: EXÁMEN MÉDICO OCUPACIONAL DE INGRESO O RETIRO | F43: UN | G43: 12 | I43: 55000 | L43: =I43*G43 -> 660000
B44: PERSONAL | G44: CANTIDAD | I44: VALOR UNITARIO | L44: VALOR TOTAL
A45: 1.17 | B45: TARIFA MES - PERSONAL DE OBRA - AYUDANTE (No incluye Factor de Prestaciones) | F45: UN | G45: 0.3 | I45: 1720000 | L45: =I45*G45*4 -> 2064000
F46: SUBTOTAL COMPONENTE B | L46: =SUM(L29:M45) -> 4632827
A50: SUBTOTAL COMPONENTES A+B+C | L50: =L18+L24+L46 -> 6889273
A51: COSTO DIRECTO DE OBRA | L51: =+'PRESUPUESTO OFICIAL'!J59 -> 213738949
A52: CALCULO DE COMPONENTE PGA Y SST | L52: =L50/L51 -> 0.032232183

Sheet PGS
B7: FONDO DE DESARROLLO LOCAL DE TUNJUELITO
B8: ALCALDÍA LOCAL DE TUNJUELITO
B11: CONTROL DE INVERSIÓN GESTIÓN SOCIAL PARA OBRAS
B12: COMPONENTE | D12: Unidad | E12: Valor Unitario | F12: Factor Prestacional | G12: Cantidad | H12: Dedicación H/Mes | I12: Plazo (Meses) | J12: Dedicación Total (Meses) | K12: Subtotal
B13: Componente A. Personal Profesional de Gestión Social
B14: ACTAS DE VECINDAD
B16: B.2 | C16: Programa PAC- PUNTO DE ATENCIÓN A LA CIUDADANIA
B17: COMPONENTE | D17: Unidad | E17: Valor Unitario | H17: Cantidad Obra | J17: Subtotal
B18: B.2.1. | C18: IMPRESIÓN HOJA CARTA, A 1X0 TINTAS EN PAPEL BOND DE 75 GR. | D18: UN | E18: 120 | H18: 50 | J18: =ROUND((E18*H18),0) -> 6000
B19: B.2.2. | C19: AFICHE TAMAÑO MEDIO PLIEGO A 4X0 TINTAS EN PROPALCOTE DE 115 GR. | D19: UN | E19: 1309 | H19: 2 | J19: =ROUND((E19*H19),0) -> 2618
B20: B.2.3. | C20: PLEGABLES DE SOSTENIBILIDAD EN TRES CUERPOS TAMAÑO CARTA A 4X4 TINTAS EN PROPALCOTE. | D20: UN | E20: 500 | H20: 50 | J20: =ROUND((E20*H20),0) -> 25000
B21: B.2.5 | C21: PENDONES ELABORADOS EN BANNER, CON UNA DIMENSIÓN DE 1.00 M DE ANCHO POR 1.50 M DE LARGO. IMPRESIÓN A FULL COLOR SEGÚN DISEÑOS DE OJALETES. | D21: UN | E21: 44625 | H21: 2 | J21: =E21*H21 -> 89250
B22: Subtotal Programa de Divulgación al Ciudadano | J22: =SUM(J18:K21) -> 122868
B24: B.3 | C24: PAC : Programa de Atención al Ciudadano
B25: COMPONENTE | D25: Unidad | E25: Valor Unitario | F25: Cantidad | H25: Dedicación Mes | I25: Plazo (Meses) | J25: Dedicación Total (Meses) | K25: Subtotal
B26: B.3.1 | C26: PAC: Programa de Atención al Ciudadano
B27: B.3.1.1 | C27: ALQUILER DE PUESTO DE TRABAJO - ESCRITORIO 75x120x50cm | D27: UN/MES | E27: 11521 | F27: 2 | H27: 1 | I27: 4 | J27: 4 | K27: =ROUND((E27*I27),0) -> 46084
B28: B.3.1.2 | C28: ALQUILER DE SILLA PARA ESCRITORIO PARA PUESTO DE TRABAJO | D28: UN/MES | E28: 10414 | F28: 2 | H28: 1 | I28: 4 | J28: 4 | K28: =ROUND((E28*I28),0) -> 41656
B29: Subtotal Programa de Atención al Ciudadano | K29: =SUM(K27:K28) -> 87740
C31: SUBTOTAL COSTOS DE SUBPROGRAMAS DE PLAN DE GESTIÓN SOCIAL | K31: =J22+K29 -> 210608
C34: TOTAL COSTO DEL PLAN DE GESTIÓN SOCIAL | K34: =+K31 -> 210608
C35: COSTO DIRECTO DE OBRA | K35: ='[1]PRESUPUESTO TOTAL'!I55 -> 190984506
C36: CALCULO DEL COMPONENTE PGS | K36: =+K34/K35 -> 0.0011027491

Sheet Consolidado por ítem
A1: PRESUPUESTO CONSOLIDADO POR ÍTEM
A2: Las cantidades se suman por código de ítem, descripción, unidad y precio unitario.
A4: No. | B4: Capítulo principal | C4: Capítulos asociados | D4: Ítem | E4: Descripción ítem listado | F4: UN | G4: Cantidad consolidada | H4: PU Bogotá 2026 | I4: Valor parcial | J4: Prioridad | K4: Pisos donde aplica | L4: Actividades consolidadas | M4: Ubicaciones consolidadas | N4: Fuentes
A5: 1 | B5: Impermeabilización tanques | C5: Impermeabilización tanques | D5: 11.1.7 | E5: IMPERMEABILIZACION INTERIOR PARA TANQUES DE CONCRETO MEMBRANA PVC SIKAPLAN 12 NTR O EQUIVALENTE. INCLUYE REMATES | F5: M2 | G5: 120 | H5: 196990 | I5: =G5*H5 -> 23638800 | J5: Alta | K5: Sótano 2 | L5: Impermeabilización interior de dos tanques de concreto para agua potable | M5: Sótano 2 – Tanques de agua potable / archivo | N5: Informe Sótano 2 / sotano 2
A6: 3 | B6: Impermeabilización tanques | C6: Impermeabilización tanques | D6: NP-TAN-02 | E6: PENDIENTE | F6: UN | G6: 2 | H6: 0 | I6: =G6*H6 -> 0 | J6: Alta | K6: Sótano 2 | L6: Pruebas de estanqueidad de tanques | M6: Sótano 2 – Tanques | N6: Informe Sótano 2
A7: 4 | B7: Demoliciones | C7: Demoliciones | D7: 1.2.39N | E7: DEMOLICIÓN DE PAÑETE DE MUROS (INC CARGUE, RETIRO Y DISPOSICION FINAL A SITIOS AUTORIZADOS) | F7: M2 | G7: 25 | H7: 14647 | I7: =G7*H7 -> 366175 | J7: Alta | K7: Sótano 2 | L7: Demolición de pañete deteriorado en muros | M7: Sótano 2 – Archivo institucional | N7: Informe Sótano 2
A8: 5 | B8: Pañetes y humedades | C8: Pañetes y humedades | D8: 9.1.2 | E8: PAÑETE IMPERMEABILIZADO S/MUROS 1:3. | F8: M2 | G8: 305 | H8: 36330 | I8: =G8*H8 -> 11080650 | J8: Alta | K8: Sótano 2, Piso 1, Piso 4, Piso 5, Piso 6, Piso 7 | L8: Pañete impermeabilizado sobre muros | M8: Sótano 2 – Archivo institucional; Piso 1 – CDI / recepción / escaleras; Piso 4 – Ventanas / fachada Caracas; Piso 5 – Cafetería; Piso 5 – Infraestructura / ventanería; Piso 6 – Cubierta / pared bajo cubierta; Piso 7 – Caja de escaleras / columnas | N8: Informe Sótano 2; PISO 1; Piso 4; PISO 5; piso 6; PISO 7
A9: 6 | B9: Acabados | C9: Acabados | D9: 17.1.1 | E9: SUMINISTRO E INSTALACION DE ESTUCO SOBRE PAÑETE | F9: M2 | G9: 115 | H9: 13767 | I9: =G9*H9 -> 1583205 | J9: Media | K9: Sótano 2, Sótano 1 | L9: Estuco sobre pañete | M9: Sótano 2 – Archivo institucional; Sótano 1 – Oficinas sistemas y archivo | N9: sotano 2; Daños sótano 1
A10: 7 | B10: Pintura | C10: Pintura | D10: 17.1.2 | E10: SUMINISTRO E INSTALACION DE PINTURA EN VINILO TIPO 1 MUROS INTERIORES 3 MANOS | F10: M2 | G10: 1010 | H10: 19673 | I10: =G10*H10 -> 19869730 | J10: Media, Alta | K10: Sótano 2, Sótano 1, Piso 1, Piso 3, Piso 4, Piso 5, Piso 6, Piso 7 | L10: Pintura vinilo tipo 1 en muros interiores | M10: Sótano 2 – Archivo institucional; Sótano 2 – Cuarto de máquinas; Sótano 1 – Oficinas sistemas y archivo; Piso 1 – CDI / recepción / escaleras; Piso 3 – JAL / cocina / cuarto lavado; Piso 4 – Oficinas; Piso 5 – Áreas administrativas; Piso 6 – Cuarto racks; Piso 6 – Oficinas; Piso 7 – Encuentros cubierta-muro | N10: sotano 2; Daños sótano 1; PISO 1; Revisión daños tercer piso; Piso 4; PISO 5; piso 6; PISO 7
A11: 8 | B11: Pisos y pintura especial | C11: Pisos y pintura especial, Pintura especial | D11: 17.3.7 | E11: SUMINISTRO E INSTALACION DE PINTURA EPOXICA PARA PISOS, MUROS Y TECHOS INCLUYE PREPARACION DE SUPERFICIE Y PRIMER DE ADHERENCIA | F11: M2 | G11: 155 | H11: 24063 | I11: =G11*H11 -> 3729765 | J11: Media | K11: Sótano 2, Piso 5, Piso 6 | L11: Pintura epóxica para pisos, muros y techos | M11: Sótano 2 – Archivo institucional; Piso 5 – Pasarela; Piso 5 – Elementos metálicos pasarela; Piso 6 – Terraza | N11: Informe Sótano 2; PISO 5; piso 6
A12: 9 | B12: Cerramientos | C12: Cerramientos | D12: NP-PVC-01 | E12: PENDIENTE | F12: UN | G12: 32 | H12: 0 | I12: =G12*H12 -> 0 | J12: Media | K12: Sótano 2, Sótano 1 | L12: Reposición de cerramiento en lámina PVC | M12: Sótano 2 – Parqueadero; Sótano 1 – Parqueadero | N12: sotano 2; Daños sótano 1
A13: 10 | B13: Hidrosanitario | C13: Hidrosanitario | D13: 15.2.8 | E13: SUMINISTRO E INSTALACIÓN REJILLA SIFON 20 X 20 | F13: UN | G13: 10 | H13: 14172 | I13: =G13*H13 -> 141720 | J13: Alta, Media | K13: Sótano 2, Sótano 1, Piso 1, Piso 3 | L13: Suministro e instalación rejilla sifón 20x20; Rejilla sifón 20x20 | M13: Sótano 2 – Cuarto de máquinas; Sótano 1 – Cajas / tapas / sifones; Piso 1 – Baños; Piso 3 – JAL | N13: sotano 2; Daños sótano 1; PISO 1; Revisión daños tercer piso
A14: 11 | B14: Hidrosanitario | C14: Hidrosanitario | D14: 1.2.49N | E14: LIMPIEZA Y ADECUACIÓN A CÁRCAMO (INCLUYE DESMONTE Y MONTAJE DE REJILLA, LIMPIEZA, RETIRO Y DISPOSICIÓN DE MATERIAL SOBRANTE, RESANE DE GRIETAS Y BORDE) | F14: M | G14: 8 | H14: 14628 | I14: =G14*H14 -> 117024 | J14: Media | K14: Sótano 2 | L14: Limpieza y adecuación a cárcamo | M14: Sótano 2 – Cuarto de máquinas | N14: sotano 2
A15: 12 | B15: Impermeabilización | C15: Impermeabilización | D15: 11.1.2 | E15: IMPERMEABILIZACION EXTERIOR ESTRUCTURAS DE CONCRETO ENTERRADAS IGOL DENSO 2 MANOS | F15: M2 | G15: 60 | H15: 61267 | I15: =G15*H15 -> 3676020 | J15: Alta | K15: Sótano 1 | L15: Impermeabilización exterior estructuras de concreto enterradas / muros | M15: Sótano 1 – Parqueaderos / vigas | N15: Daños sótano 1
A16: 13 | B16: Pintura | C16: Pintura | D16: 17.1.5 | E16: SUMINISTRO E INSTALACION DE VINILO BAJO PLACA - 2 MANOS | F16: M2 | G16: 115 | H16: 18685 | I16: =G16*H16 -> 2148775 | J16: Media | K16: Sótano 1, Piso 1, Piso 4 | L16: Vinilo bajo placa 2 manos | M16: Sótano 1 – Placa / inicio rampa S-2; Piso 1 – Sala de juntas; Piso 4 – Cielo raso / rociador | N16: Daños sótano 1; PISO 1; Piso 4
... A49: 54 | B49: Impermeabilización cubierta | C49: Impermeabilización cubierta | D49: 11.1.3 | E49: IMPERMEABILIZACION CANALES MANTO ASFALTICO Y FOIL ALUMINIO | F49: M2 | G49: 30 | H49: 97100 | I49: =G49*H49 -> 2913000 | J49: Alta | K49: Piso 7 | L49: Impermeabilización canales manto asfáltico y foil | M49: Piso 7 – Lucernario / muro perimetral | N49: PISO 7
H51: TOTAL VALORADO | I51: =SUM(I5:I49) -> 1.959572e+08

Sheet Presupuesto
A1: PRESUPUESTO PRELIMINAR ESTIMADO – MANTENIMIENTO LOCATIVO SEDE ADMINISTRATIVA FDLT
A2: Base de precios: Listado de Precios Tope Dpto Vigencia 2026 – columna BOGOTÁ. Cantidades estimadas por afectación; requieren verificación y medición en campo.
A4: No. | B4: Capítulo | C4: Piso | D4: Ubicación | E4: Patología / hallazgo | F4: Actividad presupuestada | G4: Ítem | H4: Descripción ítem listado | I4: UN | J4: Cantidad est. | K4: PU Bogotá 2026 | L4: Valor parcial | M4: Prioridad | N4: Observación técnica | O4: Fuente
A5: 1 | B5: Impermeabilización tanques | C5: Sótano 2 | D5: Tanques de agua potable / archivo | E5: Filtración recurrente desde tanque, inundación de archivo | F5: Impermeabilización interior de dos tanques de concreto para agua potable | G5: 11.1.7 | H5: IMPERMEABILIZACION INTERIOR PARA TANQUES DE CONCRETO MEMBRANA PVC SIKAPLAN 12 NTR O EQUIVALENTE. INCLUYE REMATES | I5: M2 | J5: 120 | K5: 196990 | L5: =J5*K5 -> 23638800 | M5: Alta | N5: Cantidad estimada 60 m² por tanque; verificar dimensiones reales y estado de juntas. | O5: Informe Sótano 2 / sotano 2
A6: 3 | B6: Impermeabilización tanques | C6: Sótano 2 | D6: Tanques | E6: Validación posterior a reparación | F6: Pruebas de estanqueidad de tanques | G6: NP-TAN-02 | H6: Ítem no previsto / actividad compuesta a cotizar | I6: UN | J6: 2 | K6: 0 | L6: =J6*K6 -> 0 | M6: Alta | N6: Ensayo por tanque posterior a impermeabilización; actividad no listada. | O6: Informe Sótano 2
A7: 4 | B7: Demoliciones | C7: Sótano 2 | D7: Archivo institucional | E7: Pañetes afectados por humedad e inundación | F7: Demolición de pañete deteriorado en muros | G7: 1.2.39N | H7: DEMOLICIÓN DE PAÑETE DE MUROS (INC CARGUE, RETIRO Y DISPOSICION FINAL A SITIOS AUTORIZADOS) | I7: M2 | J7: 25 | K7: 14647 | L7: =J7*K7 -> 366175 | M7: Alta | N7: Incluye zonas inferiores de muros con desprendimiento. | O7: Informe Sótano 2
A8: 5 | B8: Pañetes y humedades | C8: Sótano 2 | D8: Archivo institucional | E8: Muros con humedad ascendente | F8: Pañete impermeabilizado sobre muros | G8: 9.1.2 | H8: PAÑETE IMPERMEABILIZADO S/MUROS 1:3. | I8: M2 | J8: 40 | K8: 36330 | L8: =J8*K8 -> 1453200 | M8: Alta | N8: Franja inferior y zonas adyacentes a tanques. | O8: Informe Sótano 2
A9: 6 | B9: Acabados | C9: Sótano 2 | D9: Archivo institucional | E9: Muros deteriorados por humedad | F9: Estuco sobre pañete | G9: 17.1.1 | H9: SUMINISTRO E INSTALACION DE ESTUCO SOBRE PAÑETE | I9: M2 | J9: 40 | K9: 13767 | L9: =J9*K9 -> 550680 | M9: Media | O9: sotano 2
A10: 7 | B10: Pintura | C10: Sótano 2 | D10: Archivo institucional | E10: Muros deteriorados por humedad | F10: Pintura vinilo tipo 1 en muros interiores | G10: 17.1.2 | H10: SUMINISTRO E INSTALACION DE PINTURA EN VINILO TIPO 1 MUROS INTERIORES 3 MANOS | I10: M2 | J10: 85 | K10: 19673 | L10: =J10*K10 -> 1672205 | M10: Media | O10: sotano 2
A11: 8 | B11: Pisos y pintura especial | C11: Sótano 2 | D11: Archivo institucional | E11: Piso afectado por inundación | F11: Pintura epóxica para pisos, muros y techos | G11: 17.3.7 | H11: SUMINISTRO E INSTALACION DE PINTURA EPOXICA PARA PISOS, MUROS Y TECHOS INCLUYE PREPARACION DE SUPERFICIE Y PRIMER DE ADHERENCIA | I11: M2 | J11: 45 | K11: 24063 | L11: =J11*K11 -> 1082835 | M11: Media | N11: Se estima recuperación de área afectada por humedad sobre acabado de piso. | O11: Informe Sótano 2
A12: 9 | B12: Cerramientos | C12: Sótano 2 | D12: Parqueadero | E12: Láminas de PVC rotas en cerramiento | F12: Reposición de cerramiento en lámina PVC | G12: NP-PVC-01 | H12: Ítem no previsto / actividad compuesta a cotizar | I12: UN | J12: 12 | K12: 0 | L12: =J12*K12 -> 0 | M12: Media | N12: No se identificó ítem directo para cerramiento en lámina PVC; formular APU. | O12: sotano 2
A13: 10 | B13: Hidrosanitario | C13: Sótano 2 | D13: Cuarto de máquinas | E13: Tapas de cámaras de desagüe deterioradas | F13: Suministro e instalación rejilla sifón 20x20 | G13: 15.2.8 | H13: SUMINISTRO E INSTALACIÓN REJILLA SIFON 20 X 20 | I13: UN | J13: 2 | K13: 14172 | L13: =J13*K13 -> 28344 | M13: Alta | N13: Se asimila a tapa/rejilla de cámara menor; verificar dimensiones. | O13: sotano 2
A14: 11 | B14: Pintura | C14: Sótano 2 | D14: Cuarto de máquinas | E14: Humedad en muros técnicos | F14: Pintura vinilo tipo 1 en muros interiores | G14: 17.1.2 | H14: SUMINISTRO E INSTALACION DE PINTURA EN VINILO TIPO 1 MUROS INTERIORES 3 MANOS | I14: M2 | J14: 60 | K14: 19673 | L14: =J14*K14 -> 1180380 | M14: Media | O14: sotano 2
A15: 12 | B15: Hidrosanitario | C15: Sótano 2 | D15: Cuarto de máquinas | E15: Cámaras y drenajes requieren mantenimiento | F15: Limpieza y adecuación a cárcamo | G15: 1.2.49N | H15: LIMPIEZA Y ADECUACIÓN A CÁRCAMO (INCLUYE DESMONTE Y MONTAJE DE REJILLA, LIMPIEZA, RETIRO Y DISPOSICIÓN DE MATERIAL SOBRANTE, RESANE DE GRIETAS Y BORDE) | I15: M | J15: 8 | K15: 14628 | L15: =J15*K15 -> 117024 | M15: Media | N15: Incluye limpieza y resanes de bordes. | O15: sotano 2
A16: 13 | B16: Impermeabilización | C16: Sótano 1 | D16: Parqueaderos / vigas | E16: Halos de humedad y filtraciones en vigas | F16: Impermeabilización exterior estructuras de concreto enterradas / muros | G16: 11.1.2 | H16: IMPERMEABILIZACION EXTERIOR ESTRUCTURAS DE CONCRETO ENTERRADAS IGOL DENSO 2 MANOS | I16: M2 | J16: 60 | K16: 61267 | L16: =J16*K16 -> 3676020 | M16: Alta | N16: Aplicable a zonas localizadas de concreto expuesto con humedad. | O16: Daños sótano 1
A17: 14 | B17: Acabados | C17: Sótano 1 | D17: Oficinas sistemas y archivo | E17: Resane y pintura | F17: Estuco sobre pañete | G17: 17.1.1 | H17: SUMINISTRO E INSTALACION DE ESTUCO SOBRE PAÑETE | I17: M2 | J17: 75 | K17: 13767 | L17: =J17*K17 -> 1032525 | M17: Media | O17: Daños sótano 1
A18: 15 | B18: Pintura | C18: Sótano 1 | D18: Oficinas sistemas y archivo | E18: Resane y pintura | F18: Pintura vinilo tipo 1 en muros interiores | G18: 17.1.2 | H18: SUMINISTRO E INSTALACION DE PINTURA EN VINILO TIPO 1 MUROS INTERIORES 3 MANOS | I18: M2 | J18: 150 | K18: 19673 | L18: =J18*K18 -> 2950950 | M18: Media | O18: Daños sótano 1
A19: 16 | B19: Pintura | C19: Sótano 1 | D19: Placa / inicio rampa S-2 | E19: Humedad en techo por filtración de agua lluvia | F19: Vinilo bajo placa 2 manos | G19: 17.1.5 | H19: SUMINISTRO E INSTALACION DE VINILO BAJO PLACA - 2 MANOS | I19: M2 | J19: 80 | K19: 18685 | L19: =J19*K19 -> 1494800 | M19: Media | O19: Daños sótano 1
A20: 17 | B20: Impermeabilización | C20: Sótano 1 | D20: Fachadas interiores / intemperie | E20: Halos de humedad en superficie expuesta | F20: Limpieza e impermeabilización de fachadas con hidrofugado | G20: 20.1.7 | H20: LIMPIEZA E IMPERMEABILIZACION DE FACHADAS CON ACIDO MURIATICO E HIDROFUGADO CON SIKA IMPERMUR O SIMILAR | I20: M2 | J20: 45 | K20: 45408 | L20: =J20*K20 -> 2043360 | M20: Media | N20: Para muros expuestos a intemperie en acceso/parqueadero. | O20: Daños sótano 1
A21: 18 | B21: Cerramientos | C21: Sótano 1 | D21: Parqueadero | E21: Rotura material de cubrimiento PVC | F21: Reposición de cerramiento en lámina PVC | G21: NP-PVC-01 | H21: Ítem no previsto / actividad compuesta a cotizar | I21: UN | J21: 20 | K21: 0 | L21: =J21*K21 -> 0 | M21: Media | N21: Formular APU. | O21: Daños sótano 1
A22: 19 | B22: Hidrosanitario | C22: Sótano 1 | D22: Cajas / tapas / sifones | E22: Mantenimiento de cajas y cambio de rejilla | F22: Suministro e instalación rejilla sifón 20x20 | G22: 15.2.8 | H22: SUMINISTRO E INSTALACIÓN REJILLA SIFON 20 X 20 | I22: UN | J22: 3 | K22: 14172 | L22: =J22*K22 -> 42516 | M22: Media | O22: Daños sótano 1
A23: 20 | B23: Carpintería y herrajes | C23: Sótano 1 | D23: Puertas cuarto equipos / archivo | E23: Ajuste y mantenimiento de puertas | F23: Cerradura para oficina pomo entrada | G23: 18.1.3 | H23: SUMINISTRO E INSTALACION CERRADURA PARA OFICINA POMO ENTRADA REF. SATURNO DE SCHLAGE O EQUIVALENTE | I23: UN | J23: 2 | K23: 94986 | L23: =J23*K23 -> 189972 | M23: Media | N23: Se usa como ítem compatible para reposición de cerradura; ajustes menores requieren APU si no aplica. | O23: Daños sótano 1
A24: 21 | B24: Eléctrico | C24: Sótano 1 | D24: Puntos eléctricos | E24: Instalación de tapa ciega o toma | F24: Salida + tomacorriente doble monofásica | G24: 8.1.23 | H24: SALIDA + TOMACORRIENTE DOBLE MONOFASICA - INCLUYE CAJA, TUBERIA PVC DE 1/2", CONDUCTORES DE COBRE #12 AWG, LS ZH, APARATO ELECTRICO CORRESPONDIENTE Y DEMÁS ACCESORIOS NECESARIOS PARA SU CORRECTA INSTALACIÓN. SALIDA HASTA UNA DISTANCIA DE 3,00M | I24: UN | J24: 2 | K24: 130558 | L24: =J24*K24 -> 261116 | M24: Media | O24: Daños sótano 1
A25: 22 | B25: Vidrios | C25: Sótano 1 | D25: Zona ascensores | E25: Delaminación de vidrio / fisura horizontal | F25: Suministro e instalación vidrio templado incoloro 10 mm | G25: 18.3.3 | H25: SUMINISTRO E INSTALACION VIDRIO CRISTAL TEMPLADO INCOLORO - 10 MM | I25: M2 | J25: 3.5 | K25: 352091 | L25: =J25*K25 -> 1232318.5 | M25: Alta | N25: Verificar si corresponde vidrio laminado/templado según sistema existente. | O25: Daños sótano 1
A26: 23 | B26: Pisos y enchapes | C26: Piso 1 | D26: Sala de juntas | E26: Pérdida de boquilla en enchape | F26: Limpieza y reemboquille de enchape | G26: 1.2.58N | H26: LIMPIEZA Y REEMBOQUILLE DE ENCHAPE (Incluye Acido Nitrico, boquilla y todo lo requerido para su respectiva ejecucion) | I26: M2 | J26: 25 | K26: 20317 | L26: =J26*K26 -> 507925 | M26: Media | O26: PISO 1
A27: 24 | B27: Pintura | C27: Piso 1 | D27: Sala de juntas | E27: Cielo raso con suciedad/desgaste | F27: Vinilo bajo placa 2 manos | G27: 17.1.5 | H27: SUMINISTRO E INSTALACION DE VINILO BAJO PLACA - 2 MANOS | I27: M2 | J27: 20 | K27: 18685 | L27: =J27*K27 -> 373700 | M27: Media | O27: PISO 1
A28: 25 | B28: Eléctrico | C28: Piso 1 | D28: Sala de juntas | E28: Toma corriente deteriorada | F28: Salida + tomacorriente doble monofásica | G28: 8.1.23 | H28: SALIDA + TOMACORRIENTE DOBLE MONOFASICA - INCLUYE CAJA, TUBERIA PVC DE 1/2", CONDUCTORES DE COBRE #12 AWG, LS ZH, APARATO ELECTRICO CORRESPONDIENTE Y DEMÁS ACCESORIOS NECESARIOS PARA SU CORRECTA INSTALACIÓN. SALIDA HASTA UNA DISTANCIA DE 3,00M | I28: UN | J28: 2 | K28: 130558 | L28: =J28*K28 -> 261116 | M28: Alta | O28: PISO 1
A29: 26 | B29: Hidrosanitario | C29: Piso 1 | D29: Sala lactante | E29: Desagüe lavamanos y llave push | F29: Lavamanos de sobreponer incluye sifón y acople | G29: 15.1.12 | H29: SUMINISTRO, TRANSPORTE E INSTALACION DE LAVAMANOS DE SOBREPONER MARSELLA BLANCO TIPO CORONA Ó EQUIVALENTE. INCLUYE SIFON Y ACOPLE | I29: UN | J29: 1 | K29: 415619 | L29: =J29*K29 -> 415619 | M29: Media | N29: Verificar si solo requiere accesorios; el ítem incluye lavamanos completo. | O29: PISO 1
A30: 27 | B30: Pañetes y humedades | C30: Piso 1 | D30: CDI / recepción / escaleras | E30: Humedades en muros y zonas contiguas | F30: Pañete impermeabilizado sobre muros | G30: 9.1.2 | H30: PAÑETE IMPERMEABILIZADO S/MUROS 1:3. | I30: M2 | J30: 50 | K30: 36330 | L30: =J30*K30 -> 1816500 | M30: Alta | O30: PISO 1
A31: 28 | B31: Pintura | C31: Piso 1 | D31: CDI / recepción / escaleras | E31: Humedades y acabados deteriorados | F31: Pintura vinilo tipo 1 en muros interiores | G31: 17.1.2 | H31: SUMINISTRO E INSTALACION DE PINTURA EN VINILO TIPO 1 MUROS INTERIORES 3 MANOS | I31: M2 | J31: 120 | K31: 19673 | L31: =J31*K31 -> 2360760 | M31: Media | O31: PISO 1
A32: 29 | B32: Pisos y enchapes | C32: Piso 1 | D32: Escaleras / recepción | E32: Desprendimiento de granito | F32: Baldosín granito BH-5 33x33 | G32: 10.2.7 | H32: BALDOSIN GRANITO BH-5 DE 33X33 MORTERO 1:4 - (INCLUYE JUNTA DE DILATACION, DESTRONQUE, PULIDA Y BRILLADA) (SUMINISTRO E INSTALACIÓN) | I32: M2 | J32: 4 | K32: 197310 | L32: =J32*K32 -> 789240 | M32: Media | O32: PISO 1
A33: 30 | B33: Hidrosanitario | C33: Piso 1 | D33: Baños hombres/mujeres | E33: Rejillas faltantes o deterioradas | F33: Suministro e instalación rejilla ventilación 20x20 | G33: 15.2.11 | H33: SUMINISTRO E INSTALACIÓN REJILLA VENTILACION 20 X 20 | I33: UN | J33: 3 | K33: 21332 | L33: =J33*K33 -> 63996 | M33: Media | O33: PISO 1
A34: 31 | B34: Hidrosanitario | C34: Piso 1 | D34: Baños | E34: Rejillas de piso/desagüe | F34: Suministro e instalación rejilla sifón 20x20 | G34: 15.2.8 | H34: SUMINISTRO E INSTALACIÓN REJILLA SIFON 20 X 20 | I34: UN | J34: 2 | K34: 14172 | L34: =J34*K34 -> 28344 | M34: Media | O34: PISO 1
A35: 32 | B35: Vidrios | C35: Piso 1 | D35: Baños | E35: Divisiones y puerta en vidrio | F35: Vidrio templado incoloro 10 mm | G35: 18.3.3 | H35: SUMINISTRO E INSTALACION VIDRIO CRISTAL TEMPLADO INCOLORO - 10 MM | I35: M2 | J35: 6 | K35: 352091 | L35: =J35*K35 -> 2112546 | M35: Alta | N35: Incluye estimación de puerta/paños de baño; herrajes deben verificarse. | O35: PISO 1
A36: 33 | B36: Puertas y vidrios | C36: Piso 1 | D36: Recepción | E36: Puerta de vidrio faltante en acceso | F36: Puerta y marco en aluminio + vidrio templado 5 mm | G36: 12.1.8 | H36: PUERTA Y MARCO EN ALUMINIO ANODIZADO SERIE 3831/5020 - COLOR MATE NATURAL + VIDRIO CRISTAL TEMPLADO INCOLORO 5 MM (SUMINISTRO E INSTALACIÓN) | I36: M2 | J36: 3.2 | K36: 998477 | L36: =J36*K36 -> 3195126.4 | M36: Alta | O36: PISO 1
A37: 35 | B37: Carpintería metálica | C37: Piso 1 | D37: Auditorio / cuarto UPS | E37: Puerta metálica requerida | F37: Puerta lámina sencilla cold rolled C18 | G37: 12.2.11N | H37: SUMINISTRO E INSTALACIÓN DE PUERTA EN LÁMINA SENCILLA COLD ROLLED C18 INCLUYE MARCO EN LAMINA GALVANIZADA C18 (ANTICORROSIVO Y PINTURA EN ESMALTE A DOS MANOS, INCLUYE ANCLAJES, BISAGRAS Y CERRADURA DE PASADOR) | I37: M2 | J37: 2.1 | K37: 616222 | L37: =J37*K37 -> 1294066.2 | M37: Alta | O37: PISO 1
A38: 36 | B38: Seguridad | C38: Piso 1 | D38: Escaleras | E38: Falta cintas antideslizantes y reflectivas | F38: Cinta antideslizante pisos ancho 5 cm | G38: 10.2.19 | H38: SUMINISTRO E INSTALACION DE CINTA ANTIDESLIZANTE PISOS ANCHO 5 CMS INCLUYE MATERIALES Y MANO DE OBRA | I38: M | J38: 35 | K38: 15811 | L38: =J38*K38 -> 553385 | M38: Alta | O38: PISO 1
A39: 37 | B39: Eléctrico | C39: Piso 1 | D39: Recepción | E39: Canaleta/toma corriente deteriorada | F39: Canaleta plástica 20x5 cm | G39: 8.2.8 | H39: SUMINISTRO, TRANSPORTE E INSTALACIÓN DE CANALETA PLASTICA (20 X 5) CM CON DIVISIÓN. INCLUYE: PINTURA ELECTROSTATICA, PUESTA A TIERRA, TAPA TORNILLO, ELEMENTOS DE FIJACIÓN EN PARED Y DEMÁS ACCESORIOS PARA SU CORRECTA INSTALACIÓN | I39: M | J39: 10 | K39: 21734 | L39: =J39*K39 -> 217340 | M39: Media | O39: PISO 1
A40: 39 | B40: Vidrios | C40: Piso 2 | D40: Vano esquinero diagonal ascensores | E40: Delaminación/fisura vidrio | F40: Vidrio de seguridad laminado 3+3 | G40: 18.3.4 | H40: SUMINISTRO E INSTALACION DE VIDRIO DE SEGURIDAD LAMINADO 3+3 | I40: M2 | J40: 3 | K40: 213331 | L40: =J40*K40 -> 639993 | M40: Alta | O40: PATOLOGIAS PISO 2
A41: 40 | B41: Eléctrico | C41: Piso 2 | D41: Pasillo acceso | E41: Sensor desprendido | F41: Salida eléctrica para sensor de presencia 360° | G41: 8.1.32N | H41: SUMINISTRO, TRANSPORTE E INSTALACIÓN DE SALIDA ELÉCTRICA PARA SENSOR DE PRESENCIA 360°, 1000W, 360º, 120V. INCLUYE: SENSOR 360° , TUBERÍA EMT Ø3/4", CAJA METÁLICA 12X12X5, CONDUCTORES #12 AWG, PE, HF, FR, LS, CT Y DEMÁS ACCESORIOS NECESARIOS PARA SU CORRECTA INSTALACIÓN. (SALIDA PROMEDIO HASTA 3M) | I41: UN | J41: 1 | K41: 184397 | L41: =J41*K41 -> 184397 | M41: Media | O41: PATOLOGIAS PISO 2
A42: 41 | B42: Cielorrasos | C42: Piso 2 | D42: Acceso pasillo | E42: Tapa de registro desajustada en cielo raso | F42: Reinstalación de cielo raso existente | G42: 16.1.7N | H42: REINSTALACION DE CIELO RASO EXISTENTE. INCLUYE REPOSICION DE PIEZAS EN MALESTADO. NO INCLUYE ESTRUCTURA | I42: M2 | J42: 2 | K42: 58708 | L42: =J42*K42 -> 117416 | M42: Media | O42: PATOLOGIAS PISO 2
A43: 42 | B43: Puertas y vidrios | C43: Piso 2 | D43: Baño mujeres | E43: Sin puerta de vidrio acceso principal | F43: Puerta y marco en aluminio + vidrio templado 5 mm | G43: 12.1.8 | H43: PUERTA Y MARCO EN ALUMINIO ANODIZADO SERIE 3831/5020 - COLOR MATE NATURAL + VIDRIO CRISTAL TEMPLADO INCOLORO 5 MM (SUMINISTRO E INSTALACIÓN) | I43: M2 | J43: 2.8 | K43: 998477 | L43: =J43*K43 -> 2795735.6 | M43: Alta | O43: PATOLOGIAS PISO 2
A44: 43 | B44: Resanes | C44: Piso 2 | D44: Salida emergencia | E44: Fisura longitudinal y desprendimiento acabado | F44: Filos y dilataciones en pañete | G44: 9.1.1 | H44: FILOS Y DILATACIONES EN PAÑETE | I44: M | J44: 10 | K44: 10065 | L44: =J44*K44 -> 100650 | M44: Media | O44: PATOLOGIAS PISO 2
A45: 47 | B45: Eléctrico | C45: Piso 2 | D45: Gestión policial jurídica | E45: Puntos eléctricos y cableado generan tropiezos | F45: Salida tomacorriente doble monofásica en canaleta | G45: 8.6.12 | H45: SALIDA PARA TOMACORRIENTE DOBLE MONOFASICA EN CANALETA, INCLUYE TROQUEL Y APARATO ELECTRICO, CONDUCTORES COBRE #12 AWG, PE, HF, FR, LS, CT Y DEMÁS ACCESORIOS NECESARIOS PARA SU CORRECTA INSTALACIÓN. (SUMINISTRO E INSTALACIÓN) | I45: UN | J45: 5 | K45: 248765 | L45: =J45*K45 -> 1243825 | M45: Alta | O45: PATOLOGIAS PISO 2
A46: 48 | B46: Eléctrico | C46: Piso 2 | D46: Gestión policial jurídica / Contraloría | E46: Luminarias no encienden | F46: Luminaria LED lineal 32W | G46: 14.1.6 | H46: SUMINISTRO, TRANSPORTE E INSTALACIÓN DE LUMINARIA LED LINEAL DE 32W, 6500 K, 100-240 V, FLUJO LUMINOSO MAYOR A 3200 LM, IRC 80, VIDA ÚTIL MAYOR A 10,000 H. INCLUYE CONECTORES DE RESORTE, CINTA , ACCESORIOS DE FIJACIÓN Y SOPORTE Y TODO LO NECESARIO PARA SU CORECTA INSTALACION Y FUNCIONAMIENTO. MATERIAL CERTIFICADO, GARANTIZADO E INSTALADO SEGÚN REGLAMENTACIÓN NTC 2050. | I46: UN | J46: 10 | K46: 444665 | L46: =J46*K46 -> 4446650 | M46: Alta | O46: PATOLOGIAS PISO 2
A47: 49 | B47: Vidrios | C47: Piso 2 | D47: Contraloría | E47: Divisiones de vidrio inestables | F47: Vidrio templado incoloro 6 mm | G47: 18.3.2 | H47: SUMINISTRO E INSTALACION VIDRIO CRISTAL TEMPLADO INCOLORO - 6 MM | I47: M2 | J47: 4 | K47: 236679 | L47: =J47*K47 -> 946716 | M47: Media | N47: No incluye herrajes especiales; validar APU complementario. | O47: PATOLOGIAS PISO 2
A48: 50 | B48: Eléctrico | C48: Piso 3 | D48: Área ascensores / pasillos | E48: Sensores y luminarias sin operatividad | F48: Salida eléctrica para sensor de presencia 360° | G48: 8.1.32N | H48: SUMINISTRO, TRANSPORTE E INSTALACIÓN DE SALIDA ELÉCTRICA PARA SENSOR DE PRESENCIA 360°, 1000W, 360º, 120V. INCLUYE: SENSOR 360° , TUBERÍA EMT Ø3/4", CAJA METÁLICA 12X12X5, CONDUCTORES #12 AWG, PE, HF, FR, LS, CT Y DEMÁS ACCESORIOS NECESARIOS PARA SU CORRECTA INSTALACIÓN. (SALIDA PROMEDIO HASTA 3M) | I48: UN | J48: 2 | K48: 184397 | L48: =J48*K48 -> 368794 | M48: Media | O48: Revisión daños tercer piso
A49: 51 | B49: Eléctrico | C49: Piso 3 | D49: Área ascensores / pasillos | E49: Luminarias sin funcionamiento | F49: Luminaria LED lineal 32W | G49: 14.1.6 | H49: SUMINISTRO, TRANSPORTE E INSTALACIÓN DE LUMINARIA LED LINEAL DE 32W, 6500 K, 100-240 V, FLUJO LUMINOSO MAYOR A 3200 LM, IRC 80, VIDA ÚTIL MAYOR A 10,000 H. INCLUYE CONECTORES DE RESORTE, CINTA , ACCESORIOS DE FIJACIÓN Y SOPORTE Y TODO LO NECESARIO PARA SU CORECTA INSTALACION Y FUNCIONAMIENTO. MATERIAL CERTIFICADO, GARANTIZADO E INSTALADO SEGÚN REGLAMENTACIÓN NTC 2050. | I49: UN | J49: 4 | K49: 444665 | L49: =J49*K49 -> 1778660 | M49: Alta | O49: Revisión daños tercer piso
A50: 52 | B50: Pisos | C50: Piso 3 | D50: JAL | E50: Piso encauchado abombado/desprendido | F50: Piso vinilo tráfico comercial E=2 mm | G50: 10.2.15 | H50: SUMINISTRO E INSTALACION PISO VINILO, TRAFICO COMERCIAL 33X33/50X50 E=2 MM. INC. PREPARACION DE SUPERFICIE CON MASTICO RESANADOR Y ADHESIVO | I50: M2 | J50: 12 | K50: 103497 | L50: =J50*K50 -> 1241964 | M50: Media | N50: Se usa como aproximación al acabado flexible existente. | O50: Revisión daños tercer piso
A51: 53 | B51: Pisos | C51: Piso 3 | D51: JAL | E51: Guardaescobas desprendidos/faltantes | F51: Guardaescoba en vinisol | G51: 10.3.4 | H51: GUARDAESCOBA EN VINISOL (SUMINISTRO E INSTALACIÓN) | I51: M | J51: 35 | K51: 11879 | L51: =J51*K51 -> 415765 | M51: Media | O51: Revisión daños tercer piso
A52: 54 | B52: Pintura | C52: Piso 3 | D52: JAL / cocina / cuarto lavado | E52: Resanes y pintura | F52: Pintura vinilo tipo 1 en muros interiores | G52: 17.1.2 | H52: SUMINISTRO E INSTALACION DE PINTURA EN VINILO TIPO 1 MUROS INTERIORES 3 MANOS | I52: M2 | J52: 120 | K52: 19673 | L52: =J52*K52 -> 2360760 | M52: Media | O52: Revisión daños tercer piso
A53: 55 | B53: Cielorrasos | C53: Piso 3 | D53: JAL / tapas de paso | E53: Resane tapa de paso y cielo raso | F53: Reinstalación de cielo raso existente | G53: 16.1.7N | H53: REINSTALACION DE CIELO RASO EXISTENTE. INCLUYE REPOSICION DE PIEZAS EN MALESTADO. NO INCLUYE ESTRUCTURA | I53: M2 | J53: 6 | K53: 58708 | L53: =J53*K53 -> 352248 | M53: Media | O53: Revisión daños tercer piso
A54: 56 | B54: Hidrosanitario | C54: Piso 3 | D54: JAL / cocina | E54: Cambio sifón lavaplatos | F54: Lavaplatos 50x35 incluye grifería, sifón y acople | G54: 15.1.17 | H54: SUMINISTRO, TRANSPORTE E INSTALACION DE LAVAPLATOS 50 X 35 INCLUYE GRIFERIA UNA LLAVE INCLUYE SIFON CANASTILLA Y ACOPLE | I54: UN | J54: 1 | K54: 253969 | L54: =J54*K54 -> 253969 | M54: Media | N54: Si solo se cambia sifón, formular APU de accesorio menor. | O54: Revisión daños tercer piso
A55: 57 | B55: Eléctrico | C55: Piso 3 | D55: Baños JAL | E55: Adecuación toma GFCI | F55: Salida tomacorriente doble GFCI baños | G55: 8.1.24 | H55: SALIDA + TOMACORRIENTE DOBLE (GFCI) PARA BAÑOS, LABORATORIOS Y COCINAS - INCLUYE TAPA INTEMPERIE TERMOPLASTICA, TUBERIA PVC DE 1/2", CONDUCTORES DE COBRE #12 AWG CON BAJO DE HALOGENOS LSZH, APARATO ELECTRICO CORRESPONDIENTE Y DEMÁS ACCESORIOS NECESARIOS PARA SU CORRECTA INSTALACIÓN. SALIDA HASTA UNA DISTANCIA DE 3,00M | I55: UN | J55: 3 | K55: 154595 | L55: =J55*K55 -> 463785 | M55: Alta | O55: Revisión daños tercer piso
A56: 58 | B56: Hidrosanitario | C56: Piso 3 | D56: Baños JAL | E56: Lavamanos y llaves con ajuste | F56: Lavamanos de sobreponer incluye sifón y acople | G56: 15.1.12 | H56: SUMINISTRO, TRANSPORTE E INSTALACION DE LAVAMANOS DE SOBREPONER MARSELLA BLANCO TIPO CORONA Ó EQUIVALENTE. INCLUYE SIFON Y ACOPLE | I56: UN | J56: 1 | K56: 415619 | L56: =J56*K56 -> 415619 | M56: Media | N56: Verificar si solo requiere ajuste de llave. | O56: Revisión daños tercer piso
A57: 59 | B57: Hidrosanitario | C57: Piso 3 | D57: JAL | E57: Rejillas faltantes/cambio | F57: Rejilla sifón 20x20 | G57: 15.2.8 | H57: SUMINISTRO E INSTALACIÓN REJILLA SIFON 20 X 20 | I57: UN | J57: 3 | K57: 14172 | L57: =J57*K57 -> 42516 | M57: Media | O57: Revisión daños tercer piso
A58: 62 | B58: Eléctrico | C58: Piso 4 | D58: Oficinas | E58: Tomas corrientes dañadas/desprendidas | F58: Salida + tomacorriente doble monofásica | G58: 8.1.23 | H58: SALIDA + TOMACORRIENTE DOBLE MONOFASICA - INCLUYE CAJA, TUBERIA PVC DE 1/2", CONDUCTORES DE COBRE #12 AWG, LS ZH, APARATO ELECTRICO CORRESPONDIENTE Y DEMÁS ACCESORIOS NECESARIOS PARA SU CORRECTA INSTALACIÓN. SALIDA HASTA UNA DISTANCIA DE 3,00M | I58: UN | J58: 5 | K58: 130558 | L58: =J58*K58 -> 652790 | M58: Alta | O58: Piso 4
A59: 64 | B59: Pintura | C59: Piso 4 | D59: Cielo raso / rociador | E59: Humedad alrededor de caja de luz y rociador | F59: Vinilo bajo placa 2 manos | G59: 17.1.5 | H59: SUMINISTRO E INSTALACION DE VINILO BAJO PLACA - 2 MANOS | I59: M2 | J59: 15 | K59: 18685 | L59: =J59*K59 -> 280275 | M59: Media | O59: Piso 4
A60: 65 | B60: Pañetes y humedades | C60: Piso 4 | D60: Ventanas / fachada Caracas | E60: Humedad en ventana y cielo raso | F60: Pañete impermeabilizado sobre muros | G60: 9.1.2 | H60: PAÑETE IMPERMEABILIZADO S/MUROS 1:3. | I60: M2 | J60: 20 | K60: 36330 | L60: =J60*K60 -> 726600 | M60: Alta | O60: Piso 4
A61: 66 | B61: Pintura | C61: Piso 4 | D61: Oficinas | E61: Pintura en muro costado derecho | F61: Pintura vinilo tipo 1 en muros interiores | G61: 17.1.2 | H61: SUMINISTRO E INSTALACION DE PINTURA EN VINILO TIPO 1 MUROS INTERIORES 3 MANOS | I61: M2 | J61: 70 | K61: 19673 | L61: =J61*K61 -> 1377110 | M61: Media | O61: Piso 4
A62: 68 | B62: Carpintería y herrajes | C62: Piso 4 | D62: Baño mujeres | E62: Faltan pasadores en puertas | F62: Cerradura para baño pomo entrada | G62: 18.1.4 | H62: SUMINISTRO E INSTALACION CERRADURA PARA BAÑO POMO ENTRADA REF. SATURNO DE SCHLAGE O EQUIVALENTE | I62: UN | J62: 4 | K62: 93008 | L62: =J62*K62 -> 372032 | M62: Media | N62: Ítem compatible; validar si requiere pasadores específicos. | O62: Piso 4
A63: 71 | B63: Pañetes y humedades | C63: Piso 5 | D63: Cafetería | E63: Humedad en pileta y muro adyacente | F63: Pañete impermeabilizado sobre muros | G63: 9.1.2 | H63: PAÑETE IMPERMEABILIZADO S/MUROS 1:3. | I63: M2 | J63: 30 | K63: 36330 | L63: =J63*K63 -> 1089900 | M63: Alta | O63: PISO 5
A64: 72 | B64: Hidrosanitario | C64: Piso 5 | D64: Cafetería | E64: Fuga en desagüe lavaplatos | F64: Lavaplatos 50x35 incluye grifería, sifón y acople | G64: 15.1.17 | H64: SUMINISTRO, TRANSPORTE E INSTALACION DE LAVAPLATOS 50 X 35 INCLUYE GRIFERIA UNA LLAVE INCLUYE SIFON CANASTILLA Y ACOPLE | I64: UN | J64: 1 | K64: 253969 | L64: =J64*K64 -> 253969 | M64: Alta | N64: Verificar si solo se requiere sifón/conexión. | O64: PISO 5
A65: 73 | B65: Pintura especial | C65: Piso 5 | D65: Pasarela | E65: Estructura metálica con pérdida de pintura | F65: Pintura epóxica para pisos, muros y techos | G65: 17.3.7 | H65: SUMINISTRO E INSTALACION DE PINTURA EPOXICA PARA PISOS, MUROS Y TECHOS INCLUYE PREPARACION DE SUPERFICIE Y PRIMER DE ADHERENCIA | I65: M2 | J65: 35 | K65: 24063 | L65: =J65*K65 -> 842205 | M65: Media | N65: Aplicado como protección sobre superficies metálicas; validar especificación anticorrosiva. | O65: PISO 5
A66: 74 | B66: Seguridad | C66: Piso 5 | D66: Pasarela | E66: Ausencia de cerramiento lateral | F66: Baranda metálica corredores de circulación | G66: 12.2.6 | H66: SUMINISTRO E INSTALACION DE BARANDA METALICA CORREDORES DE CIRCULACION, TUBO CIRCULAR EN ACERO GALVANIZADO DE 2" INCLINADO HACIA EL INTERIOR, EN ANCLAJE LATERAL A LA LOSA CON PLATINAS DE 0,17 CM X 0,20 CM DE ACERO DE 1/4" Y CHAZO DE ANCLAJE DE 3/8" X 3" CON PLATINAS DE HIERRO LATERALES DE 3/8" X 2" Y PLATINAS INTERNAS DE 1/4" X 1 1/2" TUBO INTERNO EN ACERO DE 1 1/2" DOS MANOS DE ANTICORROSIVO Y ACABADO EN PINTURA ESMALTE | I66: M | J66: 8 | K66: 770969 | L66: =J66*K66 -> 6167752 | M66: Alta | N66: Si se decide policarbonato, formular APU alterno. | O66: PISO 5
A67: 75 | B67: Pintura | C67: Piso 5 | D67: Áreas administrativas | E67: Deterioro pintura interior | F67: Pintura vinilo tipo 1 en muros interiores | G67: 17.1.2 | H67: SUMINISTRO E INSTALACION DE PINTURA EN VINILO TIPO 1 MUROS INTERIORES 3 MANOS | I67: M2 | J67: 150 | K67: 19673 | L67: =J67*K67 -> 2950950 | M67: Media | O67: PISO 5
A68: 76 | B68: Pañetes y humedades | C68: Piso 5 | D68: Infraestructura / ventanería | E68: Humedad en encuentro muro-ventanería | F68: Pañete impermeabilizado sobre muros | G68: 9.1.2 | H68: PAÑETE IMPERMEABILIZADO S/MUROS 1:3. | I68: M2 | J68: 25 | K68: 36330 | L68: =J68*K68 -> 908250 | M68: Alta | O68: PISO 5
A69: 77 | B69: Resanes | C69: Piso 5 | D69: Muros / drywall / cielorrasos | E69: Fisuras superficiales | F69: Filos y dilataciones en pañete | G69: 9.1.1 | H69: FILOS Y DILATACIONES EN PAÑETE | I69: M | J69: 30 | K69: 10065 | L69: =J69*K69 -> 301950 | M69: Media | O69: PISO 5
A70: 78 | B70: Pintura especial | C70: Piso 5 | D70: Elementos metálicos pasarela | E70: Oxidación localizada en vigas IP | F70: Pintura epóxica para pisos, muros y techos | G70: 17.3.7 | H70: SUMINISTRO E INSTALACION DE PINTURA EPOXICA PARA PISOS, MUROS Y TECHOS INCLUYE PREPARACION DE SUPERFICIE Y PRIMER DE ADHERENCIA | I70: M2 | J70: 45 | K70: 24063 | L70: =J70*K70 -> 1082835 | M70: Media | N70: Incluye preparación superficial básica; anticorrosivo específico puede requerir APU. | O70: PISO 5
A71: 79 | B71: Eléctrico | C71: Piso 5 | D71: Puntos eléctricos de piso | E71: Tapas/tomacorrientes expuestos | F71: Salida tomacorriente doble monofásica en canaleta | G71: 8.6.12 | H71: SALIDA PARA TOMACORRIENTE DOBLE MONOFASICA EN CANALETA, INCLUYE TROQUEL Y APARATO ELECTRICO, CONDUCTORES COBRE #12 AWG, PE, HF, FR, LS, CT Y DEMÁS ACCESORIOS NECESARIOS PARA SU CORRECTA INSTALACIÓN. (SUMINISTRO E INSTALACIÓN) | I71: UN | J71: 4 | K71: 248765 | L71: =J71*K71 -> 995060 | M71: Alta | O71: PISO 5
A72: 80 | B72: Baños | C72: Piso 5 | D72: Baño damas | E72: Divisiones, herrajes y enchape de piso deteriorados | F72: Divisiones para baños en lámina calibre 18 | G72: 16.2.2 | H72: SUMINISTRO E INSTALACION DE DIVISIONES PARA BAÑOS EN LAMINA CALIBRE 18 | I72: M2 | J72: 4 | K72: 812077 | L72: =J72*K72 -> 3248308 | M72: Media | N72: Solo si hay cambio de paneles; ajustes menores pueden requerir APU. | O72: PISO 5
A73: 81 | B73: Pisos y enchapes | C73: Piso 5 | D73: Baño damas | E73: Tabletas de enchape fracturadas | F73: Enchape pared 20x30 | G73: 13.1.4 | H73: ENCHAPE PARED 20 X 30 - (INCLUYE WIN EN ALUMINIO) (SUMINISTRO E INSTALACIÓN) | I73: M2 | J73: 3 | K73: 61712 | L73: =J73*K73 -> 185136 | M73: Media | N73: Verificar si el daño corresponde a muro o piso. | O73: PISO 5
A74: 82 | B74: Pañetes y humedades | C74: Piso 6 | D74: Cubierta / pared bajo cubierta | E74: Humedad bajo cubierta | F74: Pañete impermeabilizado sobre muros | G74: 9.1.2 | H74: PAÑETE IMPERMEABILIZADO S/MUROS 1:3. | I74: M2 | J74: 80 | K74: 36330 | L74: =J74*K74 -> 2906400 | M74: Alta | O74: piso 6
A75: 83 | B75: Vidrios | C75: Piso 6 | D75: Cubierta | E75: Vidrio quebrado / riel desprendido | F75: Vidrio templado incoloro 10 mm | G75: 18.3.3 | H75: SUMINISTRO E INSTALACION VIDRIO CRISTAL TEMPLADO INCOLORO - 10 MM | I75: M2 | J75: 10 | K75: 352091 | L75: =J75*K75 -> 3520910 | M75: Alta | N75: Requiere validar espesor y sistema de lucernario/cubierta existente. | O75: piso 6
A76: 84 | B76: Carpintería y herrajes | C76: Piso 6 | D76: Terraza | E76: Puerta sin cerradura | F76: Cerradura ingreso principal multipunto | G76: 18.1.1 | H76: SUMINISTRO E INSTALACION CERRADURA DE INGRESO PRINCIPAL LLAVE MULTIPUNTO YALE 987 O EQUIVALENTE | I76: UN | J76: 1 | K76: 288322 | L76: =J76*K76 -> 288322 | M76: Alta | O76: piso 6
A77: 85 | B77: Pintura especial | C77: Piso 6 | D77: Terraza | E77: Estructura perimetral requiere pintura | F77: Pintura epóxica para pisos, muros y techos | G77: 17.3.7 | H77: SUMINISTRO E INSTALACION DE PINTURA EPOXICA PARA PISOS, MUROS Y TECHOS INCLUYE PREPARACION DE SUPERFICIE Y PRIMER DE ADHERENCIA | I77: M2 | J77: 30 | K77: 24063 | L77: =J77*K77 -> 721890 | M77: Media | O77: piso 6
A78: 86 | B78: Seguridad | C78: Piso 6 | D78: Pasillo | E78: Barandas sueltas | F78: Baranda metálica corredores de circulación | G78: 12.2.6 | H78: SUMINISTRO E INSTALACION DE BARANDA METALICA CORREDORES DE CIRCULACION, TUBO CIRCULAR EN ACERO GALVANIZADO DE 2" INCLINADO HACIA EL INTERIOR, EN ANCLAJE LATERAL A LA LOSA CON PLATINAS DE 0,17 CM X 0,20 CM DE ACERO DE 1/4" Y CHAZO DE ANCLAJE DE 3/8" X 3" CON PLATINAS DE HIERRO LATERALES DE 3/8" X 2" Y PLATINAS INTERNAS DE 1/4" X 1 1/2" TUBO INTERNO EN ACERO DE 1 1/2" DOS MANOS DE ANTICORROSIVO Y ACABADO EN PINTURA ESMALTE | I78: M | J78: 6 | K78: 770969 | L78: =J78*K78 -> 4625814 | M78: Alta | N78: Usar solo si requiere reposición; ajuste de anclaje puede ser APU. | O78: piso 6
A79: 88 | B79: Pintura | C79: Piso 6 | D79: Cuarto racks | E79: Humedad contigua a racks | F79: Pintura vinilo tipo 1 en muros interiores | G79: 17.1.2 | H79: SUMINISTRO E INSTALACION DE PINTURA EN VINILO TIPO 1 MUROS INTERIORES 3 MANOS | I79: M2 | J79: 35 | K79: 19673 | L79: =J79*K79 -> 688555 | M79: Alta | N79: Previamente debe controlarse fuente de humedad. | O79: piso 6
A80: 89 | B80: Cielorrasos | C80: Piso 6 | D80: Baño mujeres | E80: Ajuste techo PVC | F80: Reinstalación de cielo raso existente | G80: 16.1.7N | H80: REINSTALACION DE CIELO RASO EXISTENTE. INCLUYE REPOSICION DE PIEZAS EN MALESTADO. NO INCLUYE ESTRUCTURA | I80: M2 | J80: 8 | K80: 58708 | L80: =J80*K80 -> 469664 | M80: Media | O80: piso 6
A81: 90 | B81: Hidrosanitario | C81: Piso 6 | D81: Baños hombres/mujeres | E81: Sifones y grifería requieren mantenimiento | F81: Lavamanos de sobreponer incluye sifón y acople | G81: 15.1.12 | H81: SUMINISTRO, TRANSPORTE E INSTALACION DE LAVAMANOS DE SOBREPONER MARSELLA BLANCO TIPO CORONA Ó EQUIVALENTE. INCLUYE SIFON Y ACOPLE | I81: UN | J81: 2 | K81: 415619 | L81: =J81*K81 -> 831238 | M81: Media | N81: Verificar si solo requiere accesorios/ajustes. | O81: piso 6
A82: 92 | B82: Eléctrico | C82: Piso 6 | D82: Oficina piso | E82: Canaleta, tomas y cableado externo | F82: Canaleta plástica 20x5 cm | G82: 8.2.8 | H82: SUMINISTRO, TRANSPORTE E INSTALACIÓN DE CANALETA PLASTICA (20 X 5) CM CON DIVISIÓN. INCLUYE: PINTURA ELECTROSTATICA, PUESTA A TIERRA, TAPA TORNILLO, ELEMENTOS DE FIJACIÓN EN PARED Y DEMÁS ACCESORIOS PARA SU CORRECTA INSTALACIÓN | I82: M | J82: 12 | K82: 21734 | L82: =J82*K82 -> 260808 | M82: Media | O82: piso 6
A83: 93 | B83: Pintura | C83: Piso 6 | D83: Oficinas | E83: Paredes con grietas y deterioro de pintura | F83: Pintura vinilo tipo 1 en muros interiores | G83: 17.1.2 | H83: SUMINISTRO E INSTALACION DE PINTURA EN VINILO TIPO 1 MUROS INTERIORES 3 MANOS | I83: M2 | J83: 130 | K83: 19673 | L83: =J83*K83 -> 2557490 | M83: Media | O83: piso 6
A84: 94 | B84: Cielorrasos | C84: Piso 6 | D84: Sala de juntas | E84: Techo drywall por retiro de elemento | F84: Cielo raso superboard o equivalente | G84: 16.1.3 | H84: SUMINISTRO, TRANSPORTE E INSTALACIÓN DE CIELO RASO EN LAMINA PLANA SUPERBOARD O EQUIVALENTE E=6MM. INCLUYE: ENCINTADO, MASILLA Y PINTURA | I84: M2 | J84: 8 | K84: 119342 | L84: =J84*K84 -> 954736 | M84: Media | O84: piso 6
A85: 95 | B85: Vidrios | C85: Piso 6 | D85: Escritorios | E85: Módulo de vidrio afectado | F85: Vidrio templado incoloro 6 mm | G85: 18.3.2 | H85: SUMINISTRO E INSTALACION VIDRIO CRISTAL TEMPLADO INCOLORO - 6 MM | I85: M2 | J85: 5 | K85: 236679 | L85: =J85*K85 -> 1183395 | M85: Media | O85: piso 6
A86: 96 | B86: Resanes | C86: Piso 7 | D86: Encuentros cubierta-muro | E86: Fisuras longitudinales/transversales | F86: Filos y dilataciones en pañete | G86: 9.1.1 | H86: FILOS Y DILATACIONES EN PAÑETE | I86: M | J86: 40 | K86: 10065 | L86: =J86*K86 -> 402600 | M86: Media | O86: PISO 7
A87: 97 | B87: Pintura | C87: Piso 7 | D87: Encuentros cubierta-muro | E87: Resane y acabado de fisuras | F87: Pintura vinilo tipo 1 en muros interiores | G87: 17.1.2 | H87: SUMINISTRO E INSTALACION DE PINTURA EN VINILO TIPO 1 MUROS INTERIORES 3 MANOS | I87: M2 | J87: 90 | K87: 19673 | L87: =J87*K87 -> 1770570 | M87: Media | O87: PISO 7
A88: 98 | B88: Vidrios | C88: Piso 7 | D88: Baranda / cerramiento | E88: Vidrio desportillado | F88: Vidrio templado incoloro 10 mm | G88: 18.3.3 | H88: SUMINISTRO E INSTALACION VIDRIO CRISTAL TEMPLADO INCOLORO - 10 MM | I88: M2 | J88: 2 | K88: 352091 | L88: =J88*K88 -> 704182 | M88: Alta | O88: PISO 7
A89: 99 | B89: Eléctrico | C89: Piso 7 | D89: Tomacorriente | E89: Tapa de protección desprendida | F89: Salida + tomacorriente doble monofásica | G89: 8.1.23 | H89: SALIDA + TOMACORRIENTE DOBLE MONOFASICA - INCLUYE CAJA, TUBERIA PVC DE 1/2", CONDUCTORES DE COBRE #12 AWG, LS ZH, APARATO ELECTRICO CORRESPONDIENTE Y DEMÁS ACCESORIOS NECESARIOS PARA SU CORRECTA INSTALACIÓN. SALIDA HASTA UNA DISTANCIA DE 3,00M | I89: UN | J89: 1 | K89: 130558 | L89: =J89*K89 -> 130558 | M89: Alta | O89: PISO 7
A90: 100 | B90: Pisos y escaleras | C90: Piso 7 | D90: Escalera | E90: Peldaños desportillados | F90: Gradas en granito pulido de 0.30 | G90: 10.4.3 | H90: GRADAS EN GRANITO PULIDO DE 0.30 | I90: M | J90: 8 | K90: 134410 | L90: =J90*K90 -> 1075280 | M90: Alta | N90: Medida en metros lineales de huella; verificar número y ancho de peldaños. | O90: PISO 7
A91: 101 | B91: Pañetes y humedades | C91: Piso 7 | D91: Caja de escaleras / columnas | E91: Trazas de humedad y escurrimientos | F91: Pañete impermeabilizado sobre muros | G91: 9.1.2 | H91: PAÑETE IMPERMEABILIZADO S/MUROS 1:3. | I91: M2 | J91: 60 | K91: 36330 | L91: =J91*K91 -> 2179800 | M91: Alta | O91: PISO 7
A92: 102 | B92: Cielorrasos | C92: Piso 7 | D92: Encuentro ventanería-cielo raso | E92: Humedad y desprendimiento de pintura | F92: Cielo raso superboard o equivalente | G92: 16.1.3 | H92: SUMINISTRO, TRANSPORTE E INSTALACIÓN DE CIELO RASO EN LAMINA PLANA SUPERBOARD O EQUIVALENTE E=6MM. INCLUYE: ENCINTADO, MASILLA Y PINTURA | I92: M2 | J92: 15 | K92: 119342 | L92: =J92*K92 -> 1790130 | M92: Media | O92: PISO 7
A93: 103 | B93: Cielorrasos | C93: Piso 7 | D93: Cielo raso | E93: Perforación localizada por elemento retirado | F93: Reinstalación de cielo raso existente | G93: 16.1.7N | H93: REINSTALACION DE CIELO RASO EXISTENTE. INCLUYE REPOSICION DE PIEZAS EN MALESTADO. NO INCLUYE ESTRUCTURA | I93: M2 | J93: 2 | K93: 58708 | L93: =J93*K93 -> 117416 | M93: Media | O93: PISO 7
A94: 104 | B94: Impermeabilización cubierta | C94: Piso 7 | D94: Lucernario / antepecho | E94: Deterioro de recubrimiento y fisuras | F94: Manto asfáltico 2.8 a 3.00 mm | G94: 11.1.6 | H94: SUMINISTRO E INSTALACION DE MANTO ASFALTICO 2.8 A 3.00 MM | I94: M2 | J94: 40 | K94: 66467 | L94: =J94*K94 -> 2658680 | M94: Alta | N94: Zonas perimetrales y remates del lucernario. | O94: PISO 7
A95: 105 | B95: Impermeabilización cubierta | C95: Piso 7 | D95: Cubierta transitable | E95: Desgaste de impermeabilización | F95: Impermeabilización cubierta de concreto sistema 3 capas | G95: 11.1.4 | H95: IMPERMEABILIZACION CUBIERTA DE CONCRETO, SISTEMA 3 CAPAS, MANTOS ASFALTICOS MODIFICADOS CON REFUERZOS EN FIBRA DE VIDRIO E=3MM. ACABADO FINAL FOIL DE ALUMINIO, NO TRANSITABLE. INCLUYE REMATES 15 CM POR ENCIMA DEL NIVEL DE LA CUBIERTA Y CAJILLAS PARA INSTALACION DE TRAGANTES | I95: M2 | J95: 120 | K95: 155933 | L95: =J95*K95 -> 18711960 | M95: Alta | N95: Cantidad estimada para cubierta transitable; requiere medición. | O95: PISO 7
A96: 106 | B96: Vidrios | C96: Piso 7 | D96: Lucernario | E96: Paneles de vidrio fisurados | F96: Vidrio templado incoloro 10 mm | G96: 18.3.3 | H96: SUMINISTRO E INSTALACION VIDRIO CRISTAL TEMPLADO INCOLORO - 10 MM | I96: M2 | J96: 12 | K96: 352091 | L96: =J96*K96 -> 4225092 | M96: Alta | N96: Validar vidrio de seguridad, laminado/templado y espesor requerido. | O96: PISO 7
A97: 107 | B97: Impermeabilización cubierta | C97: Piso 7 | D97: Lucernario / muro perimetral | E97: Sellos y juntas deterioradas | F97: Impermeabilización canales manto asfáltico y foil | G97: 11.1.3 | H97: IMPERMEABILIZACION CANALES MANTO ASFALTICO Y FOIL ALUMINIO | I97: M2 | J97: 30 | K97: 97100 | L97: =J97*K97 -> 2913000 | M97: Alta | N97: Para remates y juntas de transición. | O97: PISO 7

Sheet Resumen
A1: RESUMEN DEL PRESUPUESTO PRELIMINAR
A3: Total estimado con ítems valorados | B3: =+SUM(TablaConsolidadoItems[Valor parcial]) -> 1.959572e+08
A4: Cantidad de líneas presupuestales | B4: 107
A5: Líneas con precio del listado | B5: 90
A6: Líneas como ítem no previsto / APU | B6: 17
A8: Capítulo | B8: Valor estimado | C8: Participación
A9: Impermeabilización cubierta | B9: 24283640 | C9: 0.15945032
A10: Impermeabilización tanques | B10: 23638800 | C10: 0.1552162
A11: Pintura | B11: 22018505 | C11: 0.14457708
A12: Vidrios | B12: 14565152 | C12: 0.095637157
A13: Seguridad | B13: 11346951 | C13: 0.074505923
A14: Eléctrico | B14: 11264899 | C14: 0.073967156
A15: Pañetes y humedades | B15: 11080650 | C15: 0.072757348
A16: Puertas y vidrios | B16: 5990862 | C16: 0.039336973
A17: Impermeabilización | B17: 5719380 | C17: 0.037554378
A18: Cielorrasos | B18: 3801610 | C18: 0.024961989
A19: Baños | B19: 3248308 | C19: 0.021328918
A20: Pintura especial | B20: 2646930 | C20: 0.017380172
... A32: Mobiliario | B32: 0 | C32: 0
A34: Piso / nivel | B34: Valor estimado | C34: Participación
A35: Piso 1 | B35: 13989664 | C35: 0.091858403
A36: Piso 2 | B36: 10475383 | C36: 0.068783064
A37: Piso 3 | B37: 7694080 | C37: 0.050520579
A38: Piso 4 | B38: 3408807 | C38: 0.02238278
A39: Piso 5 | B39: 18026315 | C39: 0.11836371
A40: Piso 6 | B40: 19009222 | C40: 0.12481764
A41: Piso 7 | B41: 36679268 | C41: 0.24084203
A42: Sótano 1 | B42: 12923578 | C42: 0.084858309
A43: Sótano 2 | B43: 30089643 | C43: 0.19757348

Sheet Supuestos
A1: Criterio | B1: Detalle
A2: Base de precios | B2: Listado de Precios Tope Dpto Vigencia 2026.xlsx, columna BOGOTÁ.
A3: Alcance | B3: Mantenimiento locativo integral desde sótano 2 hasta piso 7, incluyendo impermeabilización de dos tanques de agua potable.
A4: Cantidades | B4: Estimadas por afectación a partir de informes y registro fotográfico. Deben verificarse en visita técnica, medición directa y planos.
A5: Ítems no previstos | B5: Se marcaron con prefijo NP cuando el listado no tenía un ítem directo; se recomienda formular APU o solicitar cotización.
A6: Impermeabilización de tanques | B6: Se estimó 120 m² en total para dos tanques. Ajustar con dimensiones internas, accesos, juntas, pases y esquinas.
A7: Cubierta y lucernario | B7: Se incluyó mantenimiento de impermeabilización y reemplazo de vidrios; debe validarse espesores y sistema de seguridad del vidrio.
A8: Eléctricos | B8: Las líneas de tomas, luminarias y sensores deben ser revisadas por personal competente y ajustadas a RETIE/NTC aplicable.
A9: Hidrosanitarios | B9: Cuando el listado incluye aparatos completos, se dejó observación para confirmar si basta cambio de accesorio menor.
A10: No incluidos | B10: AIU, IVA cuando aplique, administración, interventoría, diseños especializados, permisos, contingencias y costos indirectos no se adicionaron en el total.

Sheet Ítems usados
A1: Ítem | B1: Descripción | C1: UN | D1: PU Bogotá 2026 | E1: Tipo
A2: 11.1.7 | B2: IMPERMEABILIZACION INTERIOR PARA TANQUES DE CONCRETO MEMBRANA PVC SIKAPLAN 12 NTR O EQUIVALENTE. INCLUYE REMATES | C2: M2 | D2: 196990 | E2: Listado 2026
A3: NP-TAN-01 | B3: Ítem no previsto / actividad compuesta a cotizar | C3: UN | D3: 0 | E3: NP/APU
A4: NP-TAN-02 | B4: Ítem no previsto / actividad compuesta a cotizar | C4: UN | D4: 0 | E4: NP/APU
A5: 1.2.39N | B5: DEMOLICIÓN DE PAÑETE DE MUROS (INC CARGUE, RETIRO Y DISPOSICION FINAL A SITIOS AUTORIZADOS) | C5: M2 | D5: 14647 | E5: Listado 2026
A6: 9.1.2 | B6: PAÑETE IMPERMEABILIZADO S/MUROS 1:3. | C6: M2 | D6: 36330 | E6: Listado 2026
A7: 17.1.1 | B7: SUMINISTRO E INSTALACION DE ESTUCO SOBRE PAÑETE | C7: M2 | D7: 13767 | E7: Listado 2026
A8: 17.1.2 | B8: SUMINISTRO E INSTALACION DE PINTURA EN VINILO TIPO 1 MUROS INTERIORES 3 MANOS | C8: M2 | D8: 19673 | E8: Listado 2026
A9: 17.3.7 | B9: SUMINISTRO E INSTALACION DE PINTURA EPOXICA PARA PISOS, MUROS Y TECHOS INCLUYE PREPARACION DE SUPERFICIE Y PRIMER DE ADHERENCIA | C9: M2 | D9: 24063 | E9: Listado 2026
A10: NP-PVC-01 | B10: Ítem no previsto / actividad compuesta a cotizar | C10: UN | D10: 0 | E10: NP/APU
A11: 15.2.8 | B11: SUMINISTRO E INSTALACIÓN REJILLA SIFON 20 X 20 | C11: UN | D11: 14172 | E11: Listado 2026
A12: 1.2.49N | B12: LIMPIEZA Y ADECUACIÓN A CÁRCAMO (INCLUYE DESMONTE Y MONTAJE DE REJILLA, LIMPIEZA, RETIRO Y DISPOSICIÓN DE MATERIAL SOBRANTE, RESANE DE GRIETAS Y BORDE) | C12: M | D12: 14628 | E12: Listado 2026
A13: 11.1.2 | B13: IMPERMEABILIZACION EXTERIOR ESTRUCTURAS DE CONCRETO ENTERRADAS IGOL DENSO 2 MANOS | C13: M2 | D13: 61267 | E13: Listado 2026
... A55: 11.1.3 | B55: IMPERMEABILIZACION CANALES MANTO ASFALTICO Y FOIL ALUMINIO | C55: M2 | D55: 97100 | E55: Listado 2026

Sheet Detalle consolidación
A1: DETALLE DE AFECTACIONES AGRUPADAS EN EL PRESUPUESTO CONSOLIDADO
A3: No. | B3: Capítulo | C3: Piso | D3: Ubicación | E3: Patología / hallazgo | F3: Actividad presupuestada | G3: Ítem | H3: Descripción ítem listado | I3: UN | J3: Cantidad est. | K3: PU Bogotá 2026 | L3: Valor parcial | M3: Prioridad | N3: Observación técnica | O3: Fuente | P3: Clave consolidación
A4: 1 | B4: Impermeabilización tanques | C4: Sótano 2 | D4: Tanques de agua potable / archivo | E4: Filtración recurrente desde tanque, inundación de archivo | F4: Impermeabilización interior de dos tanques de concreto para agua potable | G4: 11.1.7 | H4: IMPERMEABILIZACION INTERIOR PARA TANQUES DE CONCRETO MEMBRANA PVC SIKAPLAN 12 NTR O EQUIVALENTE. INCLUYE REMATES | I4: M2 | J4: 120 | K4: 196990 | L4: 23638800 | M4: Alta | N4: Cantidad estimada 60 m² por tanque; verificar dimensiones reales y estado de juntas. | O4: Informe Sótano 2 / sotano 2 | P4: 11.1.7 | M2 | 196990
A5: 2 | B5: Impermeabilización tanques | C5: Sótano 2 | D5: Tanques / muro contiguo | E5: Orificio de filtración y discontinuidad en muro | F5: Sellado hidráulico y reparación puntual de fuga en tanque/muro | G5: NP-TAN-01 | H5: Ítem no previsto / actividad compuesta a cotizar | I5: UN | J5: 2 | K5: 0 | L5: 0 | M5: Alta | N5: Actividad especializada no identificada con ítem directo; requiere APU y prueba de estanqueidad. | O5: Informe Sótano 2 | P5: NP-TAN-01 | UN | 0
A6: 3 | B6: Impermeabilización tanques | C6: Sótano 2 | D6: Tanques | E6: Validación posterior a reparación | F6: Pruebas de estanqueidad de tanques | G6: NP-TAN-02 | H6: Ítem no previsto / actividad compuesta a cotizar | I6: UN | J6: 2 | K6: 0 | L6: 0 | M6: Alta | N6: Ensayo por tanque posterior a impermeabilización; actividad no listada. | O6: Informe Sótano 2 | P6: NP-TAN-02 | UN | 0
A7: 4 | B7: Demoliciones | C7: Sótano 2 | D7: Archivo institucional | E7: Pañetes afectados por humedad e inundación | F7: Demolición de pañete deteriorado en muros | G7: 1.2.39N | H7: DEMOLICIÓN DE PAÑETE DE MUROS (INC CARGUE, RETIRO Y DISPOSICION FINAL A SITIOS AUTORIZADOS) | I7: M2 | J7: 25 | K7: 14647 | L7: 366175 | M7: Alta | N7: Incluye zonas inferiores de muros con desprendimiento. | O7: Informe Sótano 2 | P7: 1.2.39N | M2 | 14647
A8: 5 | B8: Pañetes y humedades | C8: Sótano 2 | D8: Archivo institucional | E8: Muros con humedad ascendente | F8: Pañete impermeabilizado sobre muros | G8: 9.1.2 | H8: PAÑETE IMPERMEABILIZADO S/MUROS 1:3. | I8: M2 | J8: 40 | K8: 36330 | L8: 1453200 | M8: Alta | N8: Franja inferior y zonas adyacentes a tanques. | O8: Informe Sótano 2 | P8: 9.1.2 | M2 | 36330
A9: 6 | B9: Acabados | C9: Sótano 2 | D9: Archivo institucional | E9: Muros deteriorados por humedad | F9: Estuco sobre pañete | G9: 17.1.1 | H9: SUMINISTRO E INSTALACION DE ESTUCO SOBRE PAÑETE | I9: M2 | J9: 40 | K9: 13767 | L9: 550680 | M9: Media | O9: sotano 2 | P9: 17.1.1 | M2 | 13767
A10: 7 | B10: Pintura | C10: Sótano 2 | D10: Archivo institucional | E10: Muros deteriorados por humedad | F10: Pintura vinilo tipo 1 en muros interiores | G10: 17.1.2 | H10: SUMINISTRO E INSTALACION DE PINTURA EN VINILO TIPO 1 MUROS INTERIORES 3 MANOS | I10: M2 | J10: 85 | K10: 19673 | L10: 1672205 | M10: Media | O10: sotano 2 | P10: 17.1.2 | M2 | 19673
A11: 8 | B11: Pisos y pintura especial | C11: Sótano 2 | D11: Archivo institucional | E11: Piso afectado por inundación | F11: Pintura epóxica para pisos, muros y techos | G11: 17.3.7 | H11: SUMINISTRO E INSTALACION DE PINTURA EPOXICA PARA PISOS, MUROS Y TECHOS INCLUYE PREPARACION DE SUPERFICIE Y PRIMER DE ADHERENCIA | I11: M2 | J11: 45 | K11: 24063 | L11: 1082835 | M11: Media | N11: Se estima recuperación de área afectada por humedad sobre acabado de piso. | O11: Informe Sótano 2 | P11: 17.3.7 | M2 | 24063
A12: 9 | B12: Cerramientos | C12: Sótano 2 | D12: Parqueadero | E12: Láminas de PVC rotas en cerramiento | F12: Reposición de cerramiento en lámina PVC | G12: NP-PVC-01 | H12: Ítem no previsto / actividad compuesta a cotizar | I12: UN | J12: 12 | K12: 0 | L12: 0 | M12: Media | N12: No se identificó ítem directo para cerramiento en lámina PVC; formular APU. | O12: sotano 2 | P12: NP-PVC-01 | UN | 0
A13: 10 | B13: Hidrosanitario | C13: Sótano 2 | D13: Cuarto de máquinas | E13: Tapas de cámaras de desagüe deterioradas | F13: Suministro e instalación rejilla sifón 20x20 | G13: 15.2.8 | H13: SUMINISTRO E INSTALACIÓN REJILLA SIFON 20 X 20 | I13: UN | J13: 2 | K13: 14172 | L13: 28344 | M13: Alta | N13: Se asimila a tapa/rejilla de cámara menor; verificar dimensiones. | O13: sotano 2 | P13: 15.2.8 | UN | 14172
A14: 11 | B14: Pintura | C14: Sótano 2 | D14: Cuarto de máquinas | E14: Humedad en muros técnicos | F14: Pintura vinilo tipo 1 en muros interiores | G14: 17.1.2 | H14: SUMINISTRO E INSTALACION DE PINTURA EN VINILO TIPO 1 MUROS INTERIORES 3 MANOS | I14: M2 | J14: 60 | K14: 19673 | L14: 1180380 | M14: Media | O14: sotano 2 | P14: 17.1.2 | M2 | 19673
A15: 12 | B15: Hidrosanitario | C15: Sótano 2 | D15: Cuarto de máquinas | E15: Cámaras y drenajes requieren mantenimiento | F15: Limpieza y adecuación a cárcamo | G15: 1.2.49N | H15: LIMPIEZA Y ADECUACIÓN A CÁRCAMO (INCLUYE DESMONTE Y MONTAJE DE REJILLA, LIMPIEZA, RETIRO Y DISPOSICIÓN DE MATERIAL SOBRANTE, RESANE DE GRIETAS Y BORDE) | I15: M | J15: 8 | K15: 14628 | L15: 117024 | M15: Media | N15: Incluye limpieza y resanes de bordes. | O15: sotano 2 | P15: 1.2.49N | M | 14628
A16: 13 | B16: Impermeabilización | C16: Sótano 1 | D16: Parqueaderos / vigas | E16: Halos de humedad y filtraciones en vigas | F16: Impermeabilización exterior estructuras de concreto enterradas / muros | G16: 11.1.2 | H16: IMPERMEABILIZACION EXTERIOR ESTRUCTURAS DE CONCRETO ENTERRADAS IGOL DENSO 2 MANOS | I16: M2 | J16: 60 | K16: 61267 | L16: 3676020 | M16: Alta | N16: Aplicable a zonas localizadas de concreto expuesto con humedad. | O16: Daños sótano 1 | P16: 11.1.2 | M2 | 61267
A17: 14 | B17: Acabados | C17: Sótano 1 | D17: Oficinas sistemas y archivo | E17: Resane y pintura | F17: Estuco sobre pañete | G17: 17.1.1 | H17: SUMINISTRO E INSTALACION DE ESTUCO SOBRE PAÑETE | I17: M2 | J17: 75 | K17: 13767 | L17: 1032525 | M17: Media | O17: Daños sótano 1 | P17: 17.1.1 | M2 | 13767
A18: 15 | B18: Pintura | C18: Sótano 1 | D18: Oficinas sistemas y archivo | E18: Resane y pintura | F18: Pintura vinilo tipo 1 en muros interiores | G18: 17.1.2 | H18: SUMINISTRO E INSTALACION DE PINTURA EN VINILO TIPO 1 MUROS INTERIORES 3 MANOS | I18: M2 | J18: 150 | K18: 19673 | L18: 2950950 | M18: Media | O18: Daños sótano 1 | P18: 17.1.2 | M2 | 19673
A19: 16 | B19: Pintura | C19: Sótano 1 | D19: Placa / inicio rampa S-2 | E19: Humedad en techo por filtración de agua lluvia | F19: Vinilo bajo placa 2 manos | G19: 17.1.5 | H19: SUMINISTRO E INSTALACION DE VINILO BAJO PLACA - 2 MANOS | I19: M2 | J19: 80 | K19: 18685 | L19: 1494800 | M19: Media | O19: Daños sótano 1 | P19: 17.1.5 | M2 | 18685
A20: 17 | B20: Impermeabilización | C20: Sótano 1 | D20: Fachadas interiores / intemperie | E20: Halos de humedad en superficie expuesta | F20: Limpieza e impermeabilización de fachadas con hidrofugado | G20: 20.1.7 | H20: LIMPIEZA E IMPERMEABILIZACION DE FACHADAS CON ACIDO MURIATICO E HIDROFUGADO CON SIKA IMPERMUR O SIMILAR | I20: M2 | J20: 45 | K20: 45408 | L20: 2043360 | M20: Media | N20: Para muros expuestos a intemperie en acceso/parqueadero. | O20: Daños sótano 1 | P20: 20.1.7 | M2 | 45408
A21: 18 | B21: Cerramientos | C21: Sótano 1 | D21: Parqueadero | E21: Rotura material de cubrimiento PVC | F21: Reposición de cerramiento en lámina PVC | G21: NP-PVC-01 | H21: Ítem no previsto / actividad compuesta a cotizar | I21: UN | J21: 20 | K21: 0 | L21: 0 | M21: Media | N21: Formular APU. | O21: Daños sótano 1 | P21: NP-PVC-01 | UN | 0
A22: 19 | B22: Hidrosanitario | C22: Sótano 1 | D22: Cajas / tapas / sifones | E22: Mantenimiento de cajas y cambio de rejilla | F22: Suministro e instalación rejilla sifón 20x20 | G22: 15.2.8 | H22: SUMINISTRO E INSTALACIÓN REJILLA SIFON 20 X 20 | I22: UN | J22: 3 | K22: 14172 | L22: 42516 | M22: Media | O22: Daños sótano 1 | P22: 15.2.8 | UN | 14172
A23: 20 | B23: Carpintería y herrajes | C23: Sótano 1 | D23: Puertas cuarto equipos / archivo | E23: Ajuste y mantenimiento de puertas | F23: Cerradura para oficina pomo entrada | G23: 18.1.3 | H23: SUMINISTRO E INSTALACION CERRADURA PARA OFICINA POMO ENTRADA REF. SATURNO DE SCHLAGE O EQUIVALENTE | I23: UN | J23: 2 | K23: 94986 | L23: 189972 | M23: Media | N23: Se usa como ítem compatible para reposición de cerradura; ajustes menores requieren APU si no aplica. | O23: Daños sótano 1 | P23: 18.1.3 | UN | 94986
A24: 21 | B24: Eléctrico | C24: Sótano 1 | D24: Puntos eléctricos | E24: Instalación de tapa ciega o toma | F24: Salida + tomacorriente doble monofásica | G24: 8.1.23 | H24: SALIDA + TOMACORRIENTE DOBLE MONOFASICA - INCLUYE CAJA, TUBERIA PVC DE 1/2", CONDUCTORES DE COBRE #12 AWG, LS ZH, APARATO ELECTRICO CORRESPONDIENTE Y DEMÁS ACCESORIOS NECESARIOS PARA SU CORRECTA INSTALACIÓN. SALIDA HASTA UNA DISTANCIA DE 3,00M | I24: UN | J24: 2 | K24: 130558 | L24: 261116 | M24: Media | O24: Daños sótano 1 | P24: 8.1.23 | UN | 130558
A25: 22 | B25: Vidrios | C25: Sótano 1 | D25: Zona ascensores | E25: Delaminación de vidrio / fisura horizontal | F25: Suministro e instalación vidrio templado incoloro 10 mm | G25: 18.3.3 | H25: SUMINISTRO E INSTALACION VIDRIO CRISTAL TEMPLADO INCOLORO - 10 MM | I25: M2 | J25: 3.5 | K25: 352091 | L25: 1232318.5 | M25: Alta | N25: Verificar si corresponde vidrio laminado/templado según sistema existente. | O25: Daños sótano 1 | P25: 18.3.3 | M2 | 352091
A26: 23 | B26: Pisos y enchapes | C26: Piso 1 | D26: Sala de juntas | E26: Pérdida de boquilla en enchape | F26: Limpieza y reemboquille de enchape | G26: 1.2.58N | H26: LIMPIEZA Y REEMBOQUILLE DE ENCHAPE (Incluye Acido Nitrico, boquilla y todo lo requerido para su respectiva ejecucion) | I26: M2 | J26: 25 | K26: 20317 | L26: 507925 | M26: Media | O26: PISO 1 | P26: 1.2.58N | M2 | 20317
A27: 24 | B27: Pintura | C27: Piso 1 | D27: Sala de juntas | E27: Cielo raso con suciedad/desgaste | F27: Vinilo bajo placa 2 manos | G27: 17.1.5 | H27: SUMINISTRO E INSTALACION DE VINILO BAJO PLACA - 2 MANOS | I27: M2 | J27: 20 | K27: 18685 | L27: 373700 | M27: Media | O27: PISO 1 | P27: 17.1.5 | M2 | 18685
A28: 25 | B28: Eléctrico | C28: Piso 1 | D28: Sala de juntas | E28: Toma corriente deteriorada | F28: Salida + tomacorriente doble monofásica | G28: 8.1.23 | H28: SALIDA + TOMACORRIENTE DOBLE MONOFASICA - INCLUYE CAJA, TUBERIA PVC DE 1/2", CONDUCTORES DE COBRE #12 AWG, LS ZH, APARATO ELECTRICO CORRESPONDIENTE Y DEMÁS ACCESORIOS NECESARIOS PARA SU CORRECTA INSTALACIÓN. SALIDA HASTA UNA DISTANCIA DE 3,00M | I28: UN | J28: 2 | K28: 130558 | L28: 261116 | M28: Alta | O28: PISO 1 | P28: 8.1.23 | UN | 130558
A29: 26 | B29: Hidrosanitario | C29: Piso 1 | D29: Sala lactante | E29: Desagüe lavamanos y llave push | F29: Lavamanos de sobreponer incluye sifón y acople | G29: 15.1.12 | H29: SUMINISTRO, TRANSPORTE E INSTALACION DE LAVAMANOS DE SOBREPONER MARSELLA BLANCO TIPO CORONA Ó EQUIVALENTE. INCLUYE SIFON Y ACOPLE | I29: UN | J29: 1 | K29: 415619 | L29: 415619 | M29: Media | N29: Verificar si solo requiere accesorios; el ítem incluye lavamanos completo. | O29: PISO 1 | P29: 15.1.12 | UN | 415619
A30: 27 | B30: Pañetes y humedades | C30: Piso 1 | D30: CDI / recepción / escaleras | E30: Humedades en muros y zonas contiguas | F30: Pañete impermeabilizado sobre muros | G30: 9.1.2 | H30: PAÑETE IMPERMEABILIZADO S/MUROS 1:3. | I30: M2 | J30: 50 | K30: 36330 | L30: 1816500 | M30: Alta | O30: PISO 1 | P30: 9.1.2 | M2 | 36330
A31: 28 | B31: Pintura | C31: Piso 1 | D31: CDI / recepción / escaleras | E31: Humedades y acabados deteriorados | F31: Pintura vinilo tipo 1 en muros interiores | G31: 17.1.2 | H31: SUMINISTRO E INSTALACION DE PINTURA EN VINILO TIPO 1 MUROS INTERIORES 3 MANOS | I31: M2 | J31: 120 | K31: 19673 | L31: 2360760 | M31: Media | O31: PISO 1 | P31: 17.1.2 | M2 | 19673
A32: 29 | B32: Pisos y enchapes | C32: Piso 1 | D32: Escaleras / recepción | E32: Desprendimiento de granito | F32: Baldosín granito BH-5 33x33 | G32: 10.2.7 | H32: BALDOSIN GRANITO BH-5 DE 33X33 MORTERO 1:4 - (INCLUYE JUNTA DE DILATACION, DESTRONQUE, PULIDA Y BRILLADA) (SUMINISTRO E INSTALACIÓN) | I32: M2 | J32: 4 | K32: 197310 | L32: 789240 | M32: Media | O32: PISO 1 | P32: 10.2.7 | M2 | 197310
A33: 30 | B33: Hidrosanitario | C33: Piso 1 | D33: Baños hombres/mujeres | E33: Rejillas faltantes o deterioradas | F33: Suministro e instalación rejilla ventilación 20x20 | G33: 15.2.11 | H33: SUMINISTRO E INSTALACIÓN REJILLA VENTILACION 20 X 20 | I33: UN | J33: 3 | K33: 21332 | L33: 63996 | M33: Media | O33: PISO 1 | P33: 15.2.11 | UN | 21332
A34: 31 | B34: Hidrosanitario | C34: Piso 1 | D34: Baños | E34: Rejillas de piso/desagüe | F34: Suministro e instalación rejilla sifón 20x20 | G34: 15.2.8 | H34: SUMINISTRO E INSTALACIÓN REJILLA SIFON 20 X 20 | I34: UN | J34: 2 | K34: 14172 | L34: 28344 | M34: Media | O34: PISO 1 | P34: 15.2.8 | UN | 14172
A35: 32 | B35: Vidrios | C35: Piso 1 | D35: Baños | E35: Divisiones y puerta en vidrio | F35: Vidrio templado incoloro 10 mm | G35: 18.3.3 | H35: SUMINISTRO E INSTALACION VIDRIO CRISTAL TEMPLADO INCOLORO - 10 MM | I35: M2 | J35: 6 | K35: 352091 | L35: 2112546 | M35: Alta | N35: Incluye estimación de puerta/paños de baño; herrajes deben verificarse. | O35: PISO 1 | P35: 18.3.3 | M2 | 352091
A36: 33 | B36: Puertas y vidrios | C36: Piso 1 | D36: Recepción | E36: Puerta de vidrio faltante en acceso | F36: Puerta y marco en aluminio + vidrio templado 5 mm | G36: 12.1.8 | H36: PUERTA Y MARCO EN ALUMINIO ANODIZADO SERIE 3831/5020 - COLOR MATE NATURAL + VIDRIO CRISTAL TEMPLADO INCOLORO 5 MM (SUMINISTRO E INSTALACIÓN) | I36: M2 | J36: 3.2 | K36: 998477 | L36: 3195126.4 | M36: Alta | O36: PISO 1 | P36: 12.1.8 | M2 | 998477
A37: 34 | B37: Mobiliario | C37: Piso 1 | D37: Auditorio | E37: Sillas con daño en espaldar, brazos y tabletas | F37: Reparación de sillas de auditorio | G37: NP-MOB-01 | H37: Ítem no previsto / actividad compuesta a cotizar | I37: UN | J37: 20 | K37: 0 | L37: 0 | M37: Media | N37: No existe ítem directo en listado; formular APU por silla intervenida. | O37: PISO 1 | P37: NP-MOB-01 | UN | 0
A38: 35 | B38: Carpintería metálica | C38: Piso 1 | D38: Auditorio / cuarto UPS | E38: Puerta metálica requerida | F38: Puerta lámina sencilla cold rolled C18 | G38: 12.2.11N | H38: SUMINISTRO E INSTALACIÓN DE PUERTA EN LÁMINA SENCILLA COLD ROLLED C18 INCLUYE MARCO EN LAMINA GALVANIZADA C18 (ANTICORROSIVO Y PINTURA EN ESMALTE A DOS MANOS, INCLUYE ANCLAJES, BISAGRAS Y CERRADURA DE PASADOR) | I38: M2 | J38: 2.1 | K38: 616222 | L38: 1294066.2 | M38: Alta | O38: PISO 1 | P38: 12.2.11N | M2 | 616222
A39: 36 | B39: Seguridad | C39: Piso 1 | D39: Escaleras | E39: Falta cintas antideslizantes y reflectivas | F39: Cinta antideslizante pisos ancho 5 cm | G39: 10.2.19 | H39: SUMINISTRO E INSTALACION DE CINTA ANTIDESLIZANTE PISOS ANCHO 5 CMS INCLUYE MATERIALES Y MANO DE OBRA | I39: M | J39: 35 | K39: 15811 | L39: 553385 | M39: Alta | O39: PISO 1 | P39: 10.2.19 | M | 15811
A40: 37 | B40: Eléctrico | C40: Piso 1 | D40: Recepción | E40: Canaleta/toma corriente deteriorada | F40: Canaleta plástica 20x5 cm | G40: 8.2.8 | H40: SUMINISTRO, TRANSPORTE E INSTALACIÓN DE CANALETA PLASTICA (20 X 5) CM CON DIVISIÓN. INCLUYE: PINTURA ELECTROSTATICA, PUESTA A TIERRA, TAPA TORNILLO, ELEMENTOS DE FIJACIÓN EN PARED Y DEMÁS ACCESORIOS PARA SU CORRECTA INSTALACIÓN | I40: M | J40: 10 | K40: 21734 | L40: 217340 | M40: Media | O40: PISO 1 | P40: 8.2.8 | M | 21734
A41: 38 | B41: Vidrios | C41: Piso 1 | D41: Baño mujeres | E41: Película de seguridad en puerta | F41: Suministro e instalación película de seguridad | G41: NP-VID-01 | H41: Ítem no previsto / actividad compuesta a cotizar | I41: UN | J41: 3 | K41: 0 | L41: 0 | M41: Media | N41: No se identificó ítem directo; formular APU por m². | O41: PISO 1 | P41: NP-VID-01 | UN | 0
A42: 39 | B42: Vidrios | C42: Piso 2 | D42: Vano esquinero diagonal ascensores | E42: Delaminación/fisura vidrio | F42: Vidrio de seguridad laminado 3+3 | G42: 18.3.4 | H42: SUMINISTRO E INSTALACION DE VIDRIO DE SEGURIDAD LAMINADO 3+3 | I42: M2 | J42: 3 | K42: 213331 | L42: 639993 | M42: Alta | O42: PATOLOGIAS PISO 2 | P42: 18.3.4 | M2 | 213331
A43: 40 | B43: Eléctrico | C43: Piso 2 | D43: Pasillo acceso | E43: Sensor desprendido | F43: Salida eléctrica para sensor de presencia 360° | G43: 8.1.32N | H43: SUMINISTRO, TRANSPORTE E INSTALACIÓN DE SALIDA ELÉCTRICA PARA SENSOR DE PRESENCIA 360°, 1000W, 360º, 120V. INCLUYE: SENSOR 360° , TUBERÍA EMT Ø3/4", CAJA METÁLICA 12X12X5, CONDUCTORES #12 AWG, PE, HF, FR, LS, CT Y DEMÁS ACCESORIOS NECESARIOS PARA SU CORRECTA INSTALACIÓN. (SALIDA PROMEDIO HASTA 3M) | I43: UN | J43: 1 | K43: 184397 | L43: 184397 | M43: Media | O43: PATOLOGIAS PISO 2 | P43: 8.1.32N | UN | 184397
A44: 41 | B44: Cielorrasos | C44: Piso 2 | D44: Acceso pasillo | E44: Tapa de registro desajustada en cielo raso | F44: Reinstalación de cielo raso existente | G44: 16.1.7N | H44: REINSTALACION DE CIELO RASO EXISTENTE. INCLUYE REPOSICION DE PIEZAS EN MALESTADO. NO INCLUYE ESTRUCTURA | I44: M2 | J44: 2 | K44: 58708 | L44: 117416 | M44: Media | O44: PATOLOGIAS PISO 2 | P44: 16.1.7N | M2 | 58708
A45: 42 | B45: Puertas y vidrios | C45: Piso 2 | D45: Baño mujeres | E45: Sin puerta de vidrio acceso principal | F45: Puerta y marco en aluminio + vidrio templado 5 mm | G45: 12.1.8 | H45: PUERTA Y MARCO EN ALUMINIO ANODIZADO SERIE 3831/5020 - COLOR MATE NATURAL + VIDRIO CRISTAL TEMPLADO INCOLORO 5 MM (SUMINISTRO E INSTALACIÓN) | I45: M2 | J45: 2.8 | K45: 998477 | L45: 2795735.6 | M45: Alta | O45: PATOLOGIAS PISO 2 | P45: 12.1.8 | M2 | 998477
A46: 43 | B46: Resanes | C46: Piso 2 | D46: Salida emergencia | E46: Fisura longitudinal y desprendimiento acabado | F46: Filos y dilataciones en pañete | G46: 9.1.1 | H46: FILOS Y DILATACIONES EN PAÑETE | I46: M | J46: 10 | K46: 10065 | L46: 100650 | M46: Media | O46: PATOLOGIAS PISO 2 | P46: 9.1.1 | M | 10065
A47: 44 | B47: Carpintería y herrajes | C47: Piso 2 | D47: Gestión policial jurídica | E47: Puerta de vidrio con dificultad de cierre | F47: Mantenimiento de puerta de vidrio y herrajes | G47: NP-HER-01 | H47: Ítem no previsto / actividad compuesta a cotizar | I47: UN | J47: 2 | K47: 0 | L47: 0 | M47: Media | N47: Actividad compuesta sin ítem directo. | O47: PATOLOGIAS PISO 2 | P47: NP-HER-01 | UN | 0
A48: 45 | B48: Vidrios | C48: Piso 2 | D48: Gestión policial jurídica | E48: Exceso iluminación natural | F48: Película de control solar para ventanería | G48: NP-VID-02 | H48: Ítem no previsto / actividad compuesta a cotizar | I48: UN | J48: 12 | K48: 0 | L48: 0 | M48: Media | N48: No se identificó ítem directo; formular APU por m². | O48: PATOLOGIAS PISO 2 | P48: NP-VID-02 | UN | 0
A49: 46 | B49: Carpintería y herrajes | C49: Piso 2 | D49: Gestión policial jurídica | E49: Manijas ventanas desajustadas | F49: Suministro/ajuste de manijas de ventana | G49: NP-HER-02 | H49: Ítem no previsto / actividad compuesta a cotizar | I49: UN | J49: 2 | K49: 0 | L49: 0 | M49: Media | N49: Actividad no identificada en listado. | O49: PATOLOGIAS PISO 2 | P49: NP-HER-02 | UN | 0
A50: 47 | B50: Eléctrico | C50: Piso 2 | D50: Gestión policial jurídica | E50: Puntos eléctricos y cableado generan tropiezos | F50: Salida tomacorriente doble monofásica en canaleta | G50: 8.6.12 | H50: SALIDA PARA TOMACORRIENTE DOBLE MONOFASICA EN CANALETA, INCLUYE TROQUEL Y APARATO ELECTRICO, CONDUCTORES COBRE #12 AWG, PE, HF, FR, LS, CT Y DEMÁS ACCESORIOS NECESARIOS PARA SU CORRECTA INSTALACIÓN. (SUMINISTRO E INSTALACIÓN) | I50: UN | J50: 5 | K50: 248765 | L50: 1243825 | M50: Alta | O50: PATOLOGIAS PISO 2 | P50: 8.6.12 | UN | 248765
A51: 48 | B51: Eléctrico | C51: Piso 2 | D51: Gestión policial jurídica / Contraloría | E51: Luminarias no encienden | F51: Luminaria LED lineal 32W | G51: 14.1.6 | H51: SUMINISTRO, TRANSPORTE E INSTALACIÓN DE LUMINARIA LED LINEAL DE 32W, 6500 K, 100-240 V, FLUJO LUMINOSO MAYOR A 3200 LM, IRC 80, VIDA ÚTIL MAYOR A 10,000 H. INCLUYE CONECTORES DE RESORTE, CINTA , ACCESORIOS DE FIJACIÓN Y SOPORTE Y TODO LO NECESARIO PARA SU CORECTA INSTALACION Y FUNCIONAMIENTO. MATERIAL CERTIFICADO, GARANTIZADO E INSTALADO SEGÚN REGLAMENTACIÓN NTC 2050. | I51: UN | J51: 10 | K51: 444665 | L51: 4446650 | M51: Alta | O51: PATOLOGIAS PISO 2 | P51: 14.1.6 | UN | 444665
A52: 49 | B52: Vidrios | C52: Piso 2 | D52: Contraloría | E52: Divisiones de vidrio inestables | F52: Vidrio templado incoloro 6 mm | G52: 18.3.2 | H52: SUMINISTRO E INSTALACION VIDRIO CRISTAL TEMPLADO INCOLORO - 6 MM | I52: M2 | J52: 4 | K52: 236679 | L52: 946716 | M52: Media | N52: No incluye herrajes especiales; validar APU complementario. | O52: PATOLOGIAS PISO 2 | P52: 18.3.2 | M2 | 236679
A53: 50 | B53: Eléctrico | C53: Piso 3 | D53: Área ascensores / pasillos | E53: Sensores y luminarias sin operatividad | F53: Salida eléctrica para sensor de presencia 360° | G53: 8.1.32N | H53: SUMINISTRO, TRANSPORTE E INSTALACIÓN DE SALIDA ELÉCTRICA PARA SENSOR DE PRESENCIA 360°, 1000W, 360º, 120V. INCLUYE: SENSOR 360° , TUBERÍA EMT Ø3/4", CAJA METÁLICA 12X12X5, CONDUCTORES #12 AWG, PE, HF, FR, LS, CT Y DEMÁS ACCESORIOS NECESARIOS PARA SU CORRECTA INSTALACIÓN. (SALIDA PROMEDIO HASTA 3M) | I53: UN | J53: 2 | K53: 184397 | L53: 368794 | M53: Media | O53: Revisión daños tercer piso | P53: 8.1.32N | UN | 184397
A54: 51 | B54: Eléctrico | C54: Piso 3 | D54: Área ascensores / pasillos | E54: Luminarias sin funcionamiento | F54: Luminaria LED lineal 32W | G54: 14.1.6 | H54: SUMINISTRO, TRANSPORTE E INSTALACIÓN DE LUMINARIA LED LINEAL DE 32W, 6500 K, 100-240 V, FLUJO LUMINOSO MAYOR A 3200 LM, IRC 80, VIDA ÚTIL MAYOR A 10,000 H. INCLUYE CONECTORES DE RESORTE, CINTA , ACCESORIOS DE FIJACIÓN Y SOPORTE Y TODO LO NECESARIO PARA SU CORECTA INSTALACION Y FUNCIONAMIENTO. MATERIAL CERTIFICADO, GARANTIZADO E INSTALADO SEGÚN REGLAMENTACIÓN NTC 2050. | I54: UN | J54: 4 | K54: 444665 | L54: 1778660 | M54: Alta | O54: Revisión daños tercer piso | P54: 14.1.6 | UN | 444665
A55: 52 | B55: Pisos | C55: Piso 3 | D55: JAL | E55: Piso encauchado abombado/desprendido | F55: Piso vinilo tráfico comercial E=2 mm | G55: 10.2.15 | H55: SUMINISTRO E INSTALACION PISO VINILO, TRAFICO COMERCIAL 33X33/50X50 E=2 MM. INC. PREPARACION DE SUPERFICIE CON MASTICO RESANADOR Y ADHESIVO | I55: M2 | J55: 12 | K55: 103497 | L55: 1241964 | M55: Media | N55: Se usa como aproximación al acabado flexible existente. | O55: Revisión daños tercer piso | P55: 10.2.15 | M2 | 103497
A56: 53 | B56: Pisos | C56: Piso 3 | D56: JAL | E56: Guardaescobas desprendidos/faltantes | F56: Guardaescoba en vinisol | G56: 10.3.4 | H56: GUARDAESCOBA EN VINISOL (SUMINISTRO E INSTALACIÓN) | I56: M | J56: 35 | K56: 11879 | L56: 415765 | M56: Media | O56: Revisión daños tercer piso | P56: 10.3.4 | M | 11879
A57: 54 | B57: Pintura | C57: Piso 3 | D57: JAL / cocina / cuarto lavado | E57: Resanes y pintura | F57: Pintura vinilo tipo 1 en muros interiores | G57: 17.1.2 | H57: SUMINISTRO E INSTALACION DE PINTURA EN VINILO TIPO 1 MUROS INTERIORES 3 MANOS | I57: M2 | J57: 120 | K57: 19673 | L57: 2360760 | M57: Media | O57: Revisión daños tercer piso | P57: 17.1.2 | M2 | 19673
A58: 55 | B58: Cielorrasos | C58: Piso 3 | D58: JAL / tapas de paso | E58: Resane tapa de paso y cielo raso | F58: Reinstalación de cielo raso existente | G58: 16.1.7N | H58: REINSTALACION DE CIELO RASO EXISTENTE. INCLUYE REPOSICION DE PIEZAS EN MALESTADO. NO INCLUYE ESTRUCTURA | I58: M2 | J58: 6 | K58: 58708 | L58: 352248 | M58: Media | O58: Revisión daños tercer piso | P58: 16.1.7N | M2 | 58708
A59: 56 | B59: Hidrosanitario | C59: Piso 3 | D59: JAL / cocina | E59: Cambio sifón lavaplatos | F59: Lavaplatos 50x35 incluye grifería, sifón y acople | G59: 15.1.17 | H59: SUMINISTRO, TRANSPORTE E INSTALACION DE LAVAPLATOS 50 X 35 INCLUYE GRIFERIA UNA LLAVE INCLUYE SIFON CANASTILLA Y ACOPLE | I59: UN | J59: 1 | K59: 253969 | L59: 253969 | M59: Media | N59: Si solo se cambia sifón, formular APU de accesorio menor. | O59: Revisión daños tercer piso | P59: 15.1.17 | UN | 253969
A60: 57 | B60: Eléctrico | C60: Piso 3 | D60: Baños JAL | E60: Adecuación toma GFCI | F60: Salida tomacorriente doble GFCI baños | G60: 8.1.24 | H60: SALIDA + TOMACORRIENTE DOBLE (GFCI) PARA BAÑOS, LABORATORIOS Y COCINAS - INCLUYE TAPA INTEMPERIE TERMOPLASTICA, TUBERIA PVC DE 1/2", CONDUCTORES DE COBRE #12 AWG CON BAJO DE HALOGENOS LSZH, APARATO ELECTRICO CORRESPONDIENTE Y DEMÁS ACCESORIOS NECESARIOS PARA SU CORRECTA INSTALACIÓN. SALIDA HASTA UNA DISTANCIA DE 3,00M | I60: UN | J60: 3 | K60: 154595 | L60: 463785 | M60: Alta | O60: Revisión daños tercer piso | P60: 8.1.24 | UN | 154595
A61: 58 | B61: Hidrosanitario | C61: Piso 3 | D61: Baños JAL | E61: Lavamanos y llaves con ajuste | F61: Lavamanos de sobreponer incluye sifón y acople | G61: 15.1.12 | H61: SUMINISTRO, TRANSPORTE E INSTALACION DE LAVAMANOS DE SOBREPONER MARSELLA BLANCO TIPO CORONA Ó EQUIVALENTE. INCLUYE SIFON Y ACOPLE | I61: UN | J61: 1 | K61: 415619 | L61: 415619 | M61: Media | N61: Verificar si solo requiere ajuste de llave. | O61: Revisión daños tercer piso | P61: 15.1.12 | UN | 415619
A62: 59 | B62: Hidrosanitario | C62: Piso 3 | D62: JAL | E62: Rejillas faltantes/cambio | F62: Rejilla sifón 20x20 | G62: 15.2.8 | H62: SUMINISTRO E INSTALACIÓN REJILLA SIFON 20 X 20 | I62: UN | J62: 3 | K62: 14172 | L62: 42516 | M62: Media | O62: Revisión daños tercer piso | P62: 15.2.8 | UN | 14172
A63: 60 | B63: Carpintería y herrajes | C63: Piso 3 | D63: Oficina JAL | E63: Puerta de oficina fuera de servicio | F63: Mantenimiento de puerta de vidrio y herrajes | G63: NP-HER-01 | H63: Ítem no previsto / actividad compuesta a cotizar | I63: UN | J63: 1 | K63: 0 | L63: 0 | M63: Alta | N63: Puerta con cinta de seguridad; requiere revisión especializada. | O63: Revisión daños tercer piso | P63: NP-HER-01 | UN | 0
A64: 61 | B64: Carpintería y herrajes | C64: Piso 3 | D64: JAL | E64: Manijas ventanas faltantes | F64: Suministro/ajuste de manijas de ventana | G64: NP-HER-02 | H64: Ítem no previsto / actividad compuesta a cotizar | I64: UN | J64: 2 | K64: 0 | L64: 0 | M64: Media | O64: Revisión daños tercer piso | P64: NP-HER-02 | UN | 0
A65: 62 | B65: Eléctrico | C65: Piso 4 | D65: Oficinas | E65: Tomas corrientes dañadas/desprendidas | F65: Salida + tomacorriente doble monofásica | G65: 8.1.23 | H65: SALIDA + TOMACORRIENTE DOBLE MONOFASICA - INCLUYE CAJA, TUBERIA PVC DE 1/2", CONDUCTORES DE COBRE #12 AWG, LS ZH, APARATO ELECTRICO CORRESPONDIENTE Y DEMÁS ACCESORIOS NECESARIOS PARA SU CORRECTA INSTALACIÓN. SALIDA HASTA UNA DISTANCIA DE 3,00M | I65: UN | J65: 5 | K65: 130558 | L65: 652790 | M65: Alta | O65: Piso 4 | P65: 8.1.23 | UN | 130558
A66: 63 | B66: Carpintería y herrajes | C66: Piso 4 | D66: Pasillos / inspecciones | E66: Sujetadores de vidrio dañados o faltantes | F66: Mantenimiento y suministro de sujetadores para vidrio | G66: NP-HER-03 | H66: Ítem no previsto / actividad compuesta a cotizar | I66: UN | J66: 6 | K66: 0 | L66: 0 | M66: Alta | N66: No se identificó ítem directo; formular APU. | O66: Piso 4 | P66: NP-HER-03 | UN | 0
A67: 64 | B67: Pintura | C67: Piso 4 | D67: Cielo raso / rociador | E67: Humedad alrededor de caja de luz y rociador | F67: Vinilo bajo placa 2 manos | G67: 17.1.5 | H67: SUMINISTRO E INSTALACION DE VINILO BAJO PLACA - 2 MANOS | I67: M2 | J67: 15 | K67: 18685 | L67: 280275 | M67: Media | O67: Piso 4 | P67: 17.1.5 | M2 | 18685
A68: 65 | B68: Pañetes y humedades | C68: Piso 4 | D68: Ventanas / fachada Caracas | E68: Humedad en ventana y cielo raso | F68: Pañete impermeabilizado sobre muros | G68: 9.1.2 | H68: PAÑETE IMPERMEABILIZADO S/MUROS 1:3. | I68: M2 | J68: 20 | K68: 36330 | L68: 726600 | M68: Alta | O68: Piso 4 | P68: 9.1.2 | M2 | 36330
A69: 66 | B69: Pintura | C69: Piso 4 | D69: Oficinas | E69: Pintura en muro costado derecho | F69: Pintura vinilo tipo 1 en muros interiores | G69: 17.1.2 | H69: SUMINISTRO E INSTALACION DE PINTURA EN VINILO TIPO 1 MUROS INTERIORES 3 MANOS | I69: M2 | J69: 70 | K69: 19673 | L69: 1377110 | M69: Media | O69: Piso 4 | P69: 17.1.2 | M2 | 19673
A70: 67 | B70: Carpintería y herrajes | C70: Piso 4 | D70: Puerta inspecciones | E70: Ausencia hidráulico y sujetadores | F70: Mantenimiento de puerta de vidrio y herrajes | G70: NP-HER-01 | H70: Ítem no previsto / actividad compuesta a cotizar | I70: UN | J70: 2 | K70: 0 | L70: 0 | M70: Alta | N70: Instalación urgente por riesgo de ingreso. | O70: Piso 4 | P70: NP-HER-01 | UN | 0
A71: 68 | B71: Carpintería y herrajes | C71: Piso 4 | D71: Baño mujeres | E71: Faltan pasadores en puertas | F71: Cerradura para baño pomo entrada | G71: 18.1.4 | H71: SUMINISTRO E INSTALACION CERRADURA PARA BAÑO POMO ENTRADA REF. SATURNO DE SCHLAGE O EQUIVALENTE | I71: UN | J71: 4 | K71: 93008 | L71: 372032 | M71: Media | N71: Ítem compatible; validar si requiere pasadores específicos. | O71: Piso 4 | P71: 18.1.4 | UN | 93008
A72: 69 | B72: Seguridad | C72: Piso 4 | D72: Baranda pasamanos | E72: Baranda sin asegurar | F72: Revisión, ajuste y anclaje de baranda existente | G72: NP-BAR-01 | H72: Ítem no previsto / actividad compuesta a cotizar | I72: UN | J72: 8 | K72: 0 | L72: 0 | M72: Alta | N72: Mantenimiento de baranda existente sin ítem directo. | O72: Piso 4 | P72: NP-BAR-01 | UN | 0
A73: 70 | B73: Mobiliario | C73: Piso 4 | D73: Cubículos | E73: Ausencia de separadores en piso | F73: Suministro de separadores/anclajes para cubículos | G73: NP-MOB-02 | H73: Ítem no previsto / actividad compuesta a cotizar | I73: UN | J73: 10 | K73: 0 | L73: 0 | M73: Media | N73: Actividad no cubierta por listado. | O73: Piso 4 | P73: NP-MOB-02 | UN | 0
A74: 71 | B74: Pañetes y humedades | C74: Piso 5 | D74: Cafetería | E74: Humedad en pileta y muro adyacente | F74: Pañete impermeabilizado sobre muros | G74: 9.1.2 | H74: PAÑETE IMPERMEABILIZADO S/MUROS 1:3. | I74: M2 | J74: 30 | K74: 36330 | L74: 1089900 | M74: Alta | O74: PISO 5 | P74: 9.1.2 | M2 | 36330
A75: 72 | B75: Hidrosanitario | C75: Piso 5 | D75: Cafetería | E75: Fuga en desagüe lavaplatos | F75: Lavaplatos 50x35 incluye grifería, sifón y acople | G75: 15.1.17 | H75: SUMINISTRO, TRANSPORTE E INSTALACION DE LAVAPLATOS 50 X 35 INCLUYE GRIFERIA UNA LLAVE INCLUYE SIFON CANASTILLA Y ACOPLE | I75: UN | J75: 1 | K75: 253969 | L75: 253969 | M75: Alta | N75: Verificar si solo se requiere sifón/conexión. | O75: PISO 5 | P75: 15.1.17 | UN | 253969
A76: 73 | B76: Pintura especial | C76: Piso 5 | D76: Pasarela | E76: Estructura metálica con pérdida de pintura | F76: Pintura epóxica para pisos, muros y techos | G76: 17.3.7 | H76: SUMINISTRO E INSTALACION DE PINTURA EPOXICA PARA PISOS, MUROS Y TECHOS INCLUYE PREPARACION DE SUPERFICIE Y PRIMER DE ADHERENCIA | I76: M2 | J76: 35 | K76: 24063 | L76: 842205 | M76: Media | N76: Aplicado como protección sobre superficies metálicas; validar especificación anticorrosiva. | O76: PISO 5 | P76: 17.3.7 | M2 | 24063
A77: 74 | B77: Seguridad | C77: Piso 5 | D77: Pasarela | E77: Ausencia de cerramiento lateral | F77: Baranda metálica corredores de circulación | G77: 12.2.6 | H77: SUMINISTRO E INSTALACION DE BARANDA METALICA CORREDORES DE CIRCULACION, TUBO CIRCULAR EN ACERO GALVANIZADO DE 2" INCLINADO HACIA EL INTERIOR, EN ANCLAJE LATERAL A LA LOSA CON PLATINAS DE 0,17 CM X 0,20 CM DE ACERO DE 1/4" Y CHAZO DE ANCLAJE DE 3/8" X 3" CON PLATINAS DE HIERRO LATERALES DE 3/8" X 2" Y PLATINAS INTERNAS DE 1/4" X 1 1/2" TUBO INTERNO EN ACERO DE 1 1/2" DOS MANOS DE ANTICORROSIVO Y ACABADO EN PINTURA ESMALTE | I77: M | J77: 8 | K77: 770969 | L77: 6167752 | M77: Alta | N77: Si se decide policarbonato, formular APU alterno. | O77: PISO 5 | P77: 12.2.6 | M | 770969
A78: 75 | B78: Pintura | C78: Piso 5 | D78: Áreas administrativas | E78: Deterioro pintura interior | F78: Pintura vinilo tipo 1 en muros interiores | G78: 17.1.2 | H78: SUMINISTRO E INSTALACION DE PINTURA EN VINILO TIPO 1 MUROS INTERIORES 3 MANOS | I78: M2 | J78: 150 | K78: 19673 | L78: 2950950 | M78: Media | O78: PISO 5 | P78: 17.1.2 | M2 | 19673
A79: 76 | B79: Pañetes y humedades | C79: Piso 5 | D79: Infraestructura / ventanería | E79: Humedad en encuentro muro-ventanería | F79: Pañete impermeabilizado sobre muros | G79: 9.1.2 | H79: PAÑETE IMPERMEABILIZADO S/MUROS 1:3. | I79: M2 | J79: 25 | K79: 36330 | L79: 908250 | M79: Alta | O79: PISO 5 | P79: 9.1.2 | M2 | 36330
A80: 77 | B80: Resanes | C80: Piso 5 | D80: Muros / drywall / cielorrasos | E80: Fisuras superficiales | F80: Filos y dilataciones en pañete | G80: 9.1.1 | H80: FILOS Y DILATACIONES EN PAÑETE | I80: M | J80: 30 | K80: 10065 | L80: 301950 | M80: Media | O80: PISO 5 | P80: 9.1.1 | M | 10065
A81: 78 | B81: Pintura especial | C81: Piso 5 | D81: Elementos metálicos pasarela | E81: Oxidación localizada en vigas IP | F81: Pintura epóxica para pisos, muros y techos | G81: 17.3.7 | H81: SUMINISTRO E INSTALACION DE PINTURA EPOXICA PARA PISOS, MUROS Y TECHOS INCLUYE PREPARACION DE SUPERFICIE Y PRIMER DE ADHERENCIA | I81: M2 | J81: 45 | K81: 24063 | L81: 1082835 | M81: Media | N81: Incluye preparación superficial básica; anticorrosivo específico puede requerir APU. | O81: PISO 5 | P81: 17.3.7 | M2 | 24063
A82: 79 | B82: Eléctrico | C82: Piso 5 | D82: Puntos eléctricos de piso | E82: Tapas/tomacorrientes expuestos | F82: Salida tomacorriente doble monofásica en canaleta | G82: 8.6.12 | H82: SALIDA PARA TOMACORRIENTE DOBLE MONOFASICA EN CANALETA, INCLUYE TROQUEL Y APARATO ELECTRICO, CONDUCTORES COBRE #12 AWG, PE, HF, FR, LS, CT Y DEMÁS ACCESORIOS NECESARIOS PARA SU CORRECTA INSTALACIÓN. (SUMINISTRO E INSTALACIÓN) | I82: UN | J82: 4 | K82: 248765 | L82: 995060 | M82: Alta | O82: PISO 5 | P82: 8.6.12 | UN | 248765
A83: 80 | B83: Baños | C83: Piso 5 | D83: Baño damas | E83: Divisiones, herrajes y enchape de piso deteriorados | F83: Divisiones para baños en lámina calibre 18 | G83: 16.2.2 | H83: SUMINISTRO E INSTALACION DE DIVISIONES PARA BAÑOS EN LAMINA CALIBRE 18 | I83: M2 | J83: 4 | K83: 812077 | L83: 3248308 | M83: Media | N83: Solo si hay cambio de paneles; ajustes menores pueden requerir APU. | O83: PISO 5 | P83: 16.2.2 | M2 | 812077
A84: 81 | B84: Pisos y enchapes | C84: Piso 5 | D84: Baño damas | E84: Tabletas de enchape fracturadas | F84: Enchape pared 20x30 | G84: 13.1.4 | H84: ENCHAPE PARED 20 X 30 - (INCLUYE WIN EN ALUMINIO) (SUMINISTRO E INSTALACIÓN) | I84: M2 | J84: 3 | K84: 61712 | L84: 185136 | M84: Media | N84: Verificar si el daño corresponde a muro o piso. | O84: PISO 5 | P84: 13.1.4 | M2 | 61712
A85: 82 | B85: Pañetes y humedades | C85: Piso 6 | D85: Cubierta / pared bajo cubierta | E85: Humedad bajo cubierta | F85: Pañete impermeabilizado sobre muros | G85: 9.1.2 | H85: PAÑETE IMPERMEABILIZADO S/MUROS 1:3. | I85: M2 | J85: 80 | K85: 36330 | L85: 2906400 | M85: Alta | O85: piso 6 | P85: 9.1.2 | M2 | 36330
A86: 83 | B86: Vidrios | C86: Piso 6 | D86: Cubierta | E86: Vidrio quebrado / riel desprendido | F86: Vidrio templado incoloro 10 mm | G86: 18.3.3 | H86: SUMINISTRO E INSTALACION VIDRIO CRISTAL TEMPLADO INCOLORO - 10 MM | I86: M2 | J86: 10 | K86: 352091 | L86: 3520910 | M86: Alta | N86: Requiere validar espesor y sistema de lucernario/cubierta existente. | O86: piso 6 | P86: 18.3.3 | M2 | 352091
A87: 84 | B87: Carpintería y herrajes | C87: Piso 6 | D87: Terraza | E87: Puerta sin cerradura | F87: Cerradura ingreso principal multipunto | G87: 18.1.1 | H87: SUMINISTRO E INSTALACION CERRADURA DE INGRESO PRINCIPAL LLAVE MULTIPUNTO YALE 987 O EQUIVALENTE | I87: UN | J87: 1 | K87: 288322 | L87: 288322 | M87: Alta | O87: piso 6 | P87: 18.1.1 | UN | 288322
A88: 85 | B88: Pintura especial | C88: Piso 6 | D88: Terraza | E88: Estructura perimetral requiere pintura | F88: Pintura epóxica para pisos, muros y techos | G88: 17.3.7 | H88: SUMINISTRO E INSTALACION DE PINTURA EPOXICA PARA PISOS, MUROS Y TECHOS INCLUYE PREPARACION DE SUPERFICIE Y PRIMER DE ADHERENCIA | I88: M2 | J88: 30 | K88: 24063 | L88: 721890 | M88: Media | O88: piso 6 | P88: 17.3.7 | M2 | 24063
A89: 86 | B89: Seguridad | C89: Piso 6 | D89: Pasillo | E89: Barandas sueltas | F89: Baranda metálica corredores de circulación | G89: 12.2.6 | H89: SUMINISTRO E INSTALACION DE BARANDA METALICA CORREDORES DE CIRCULACION, TUBO CIRCULAR EN ACERO GALVANIZADO DE 2" INCLINADO HACIA EL INTERIOR, EN ANCLAJE LATERAL A LA LOSA CON PLATINAS DE 0,17 CM X 0,20 CM DE ACERO DE 1/4" Y CHAZO DE ANCLAJE DE 3/8" X 3" CON PLATINAS DE HIERRO LATERALES DE 3/8" X 2" Y PLATINAS INTERNAS DE 1/4" X 1 1/2" TUBO INTERNO EN ACERO DE 1 1/2" DOS MANOS DE ANTICORROSIVO Y ACABADO EN PINTURA ESMALTE | I89: M | J89: 6 | K89: 770969 | L89: 4625814 | M89: Alta | N89: Usar solo si requiere reposición; ajuste de anclaje puede ser APU. | O89: piso 6 | P89: 12.2.6 | M | 770969
A90: 87 | B90: Carpintería y herrajes | C90: Piso 6 | D90: Pasillo | E90: Puerta doble descolgada | F90: Mantenimiento de puerta de vidrio y herrajes | G90: NP-HER-01 | H90: Ítem no previsto / actividad compuesta a cotizar | I90: UN | J90: 1 | K90: 0 | L90: 0 | M90: Alta | O90: piso 6 | P90: NP-HER-01 | UN | 0
A91: 88 | B91: Pintura | C91: Piso 6 | D91: Cuarto racks | E91: Humedad contigua a racks | F91: Pintura vinilo tipo 1 en muros interiores | G91: 17.1.2 | H91: SUMINISTRO E INSTALACION DE PINTURA EN VINILO TIPO 1 MUROS INTERIORES 3 MANOS | I91: M2 | J91: 35 | K91: 19673 | L91: 688555 | M91: Alta | N91: Previamente debe controlarse fuente de humedad. | O91: piso 6 | P91: 17.1.2 | M2 | 19673
A92: 89 | B92: Cielorrasos | C92: Piso 6 | D92: Baño mujeres | E92: Ajuste techo PVC | F92: Reinstalación de cielo raso existente | G92: 16.1.7N | H92: REINSTALACION DE CIELO RASO EXISTENTE. INCLUYE REPOSICION DE PIEZAS EN MALESTADO. NO INCLUYE ESTRUCTURA | I92: M2 | J92: 8 | K92: 58708 | L92: 469664 | M92: Media | O92: piso 6 | P92: 16.1.7N | M2 | 58708
A93: 90 | B93: Hidrosanitario | C93: Piso 6 | D93: Baños hombres/mujeres | E93: Sifones y grifería requieren mantenimiento | F93: Lavamanos de sobreponer incluye sifón y acople | G93: 15.1.12 | H93: SUMINISTRO, TRANSPORTE E INSTALACION DE LAVAMANOS DE SOBREPONER MARSELLA BLANCO TIPO CORONA Ó EQUIVALENTE. INCLUYE SIFON Y ACOPLE | I93: UN | J93: 2 | K93: 415619 | L93: 831238 | M93: Media | N93: Verificar si solo requiere accesorios/ajustes. | O93: piso 6 | P93: 15.1.12 | UN | 415619
A94: 91 | B94: Carpintería y herrajes | C94: Piso 6 | D94: Oficinas | E94: Falta herrajes en tres ventanas | F94: Suministro/ajuste de manijas de ventana | G94: NP-HER-02 | H94: Ítem no previsto / actividad compuesta a cotizar | I94: UN | J94: 3 | K94: 0 | L94: 0 | M94: Media | O94: piso 6 | P94: NP-HER-02 | UN | 0
A95: 92 | B95: Eléctrico | C95: Piso 6 | D95: Oficina piso | E95: Canaleta, tomas y cableado externo | F95: Canaleta plástica 20x5 cm | G95: 8.2.8 | H95: SUMINISTRO, TRANSPORTE E INSTALACIÓN DE CANALETA PLASTICA (20 X 5) CM CON DIVISIÓN. INCLUYE: PINTURA ELECTROSTATICA, PUESTA A TIERRA, TAPA TORNILLO, ELEMENTOS DE FIJACIÓN EN PARED Y DEMÁS ACCESORIOS PARA SU CORRECTA INSTALACIÓN | I95: M | J95: 12 | K95: 21734 | L95: 260808 | M95: Media | O95: piso 6 | P95: 8.2.8 | M | 21734
A96: 93 | B96: Pintura | C96: Piso 6 | D96: Oficinas | E96: Paredes con grietas y deterioro de pintura | F96: Pintura vinilo tipo 1 en muros interiores | G96: 17.1.2 | H96: SUMINISTRO E INSTALACION DE PINTURA EN VINILO TIPO 1 MUROS INTERIORES 3 MANOS | I96: M2 | J96: 130 | K96: 19673 | L96: 2557490 | M96: Media | O96: piso 6 | P96: 17.1.2 | M2 | 19673
A97: 94 | B97: Cielorrasos | C97: Piso 6 | D97: Sala de juntas | E97: Techo drywall por retiro de elemento | F97: Cielo raso superboard o equivalente | G97: 16.1.3 | H97: SUMINISTRO, TRANSPORTE E INSTALACIÓN DE CIELO RASO EN LAMINA PLANA SUPERBOARD O EQUIVALENTE E=6MM. INCLUYE: ENCINTADO, MASILLA Y PINTURA | I97: M2 | J97: 8 | K97: 119342 | L97: 954736 | M97: Media | O97: piso 6 | P97: 16.1.3 | M2 | 119342
A98: 95 | B98: Vidrios | C98: Piso 6 | D98: Escritorios | E98: Módulo de vidrio afectado | F98: Vidrio templado incoloro 6 mm | G98: 18.3.2 | H98: SUMINISTRO E INSTALACION VIDRIO CRISTAL TEMPLADO INCOLORO - 6 MM | I98: M2 | J98: 5 | K98: 236679 | L98: 1183395 | M98: Media | O98: piso 6 | P98: 18.3.2 | M2 | 236679
A99: 96 | B99: Resanes | C99: Piso 7 | D99: Encuentros cubierta-muro | E99: Fisuras longitudinales/transversales | F99: Filos y dilataciones en pañete | G99: 9.1.1 | H99: FILOS Y DILATACIONES EN PAÑETE | I99: M | J99: 40 | K99: 10065 | L99: 402600 | M99: Media | O99: PISO 7 | P99: 9.1.1 | M | 10065
A100: 97 | B100: Pintura | C100: Piso 7 | D100: Encuentros cubierta-muro | E100: Resane y acabado de fisuras | F100: Pintura vinilo tipo 1 en muros interiores | G100: 17.1.2 | H100: SUMINISTRO E INSTALACION DE PINTURA EN VINILO TIPO 1 MUROS INTERIORES 3 MANOS | I100: M2 | J100: 90 | K100: 19673 | L100: 1770570 | M100: Media | O100: PISO 7 | P100: 17.1.2 | M2 | 19673
A101: 98 | B101: Vidrios | C101: Piso 7 | D101: Baranda / cerramiento | E101: Vidrio desportillado | F101: Vidrio templado incoloro 10 mm | G101: 18.3.3 | H101: SUMINISTRO E INSTALACION VIDRIO CRISTAL TEMPLADO INCOLORO - 10 MM | I101: M2 | J101: 2 | K101: 352091 | L101: 704182 | M101: Alta | O101: PISO 7 | P101: 18.3.3 | M2 | 352091
...

Sheet Resumen consolidado
A1: PRESUPUESTO CONSOLIDADO – MANTENIMIENTO LOCATIVO SEDE ADMINISTRATIVA FDLT
A2: Consolidación de cantidades por ítem: cada ítem aparece una sola vez, acumulando las cantidades estimadas de todos los pisos, ubicaciones y afectaciones.
A4: Concepto | B4: Valor
A5: Actividades originales | B5: 107
A6: Ítems únicos consolidados | B6: 54
A7: Ítems NP/APU sin precio | B7: 11
A8: Valor total preliminar valorado | B8: 1.5229596e+08
A11: Capítulo principal | B11: Ítems únicos | C11: Valor consolidado | D11: Participación
A12: Impermeabilización tanques | B12: 3 | C12: 23638800 | D12: =C12/$B$8 -> 0.1552162
A13: Demoliciones | B13: 1 | C13: 366175 | D13: =C13/$B$8 -> 0.0024043645
A14: Pañetes y humedades | B14: 1 | C14: 11080650 | D14: =C14/$B$8 -> 0.072757348
A15: Acabados | B15: 1 | C15: 1583205 | D15: =C15/$B$8 -> 0.010395581
A16: Pintura | B16: 2 | C16: 22018505 | D16: =C16/$B$8 -> 0.14457708
A17: Pisos y pintura especial | B17: 1 | C17: 3729765 | D17: =C17/$B$8 -> 0.024490243
A18: Cerramientos | B18: 1 | C18: 0 | D18: =C18/$B$8 -> 0
A19: Hidrosanitario | B19: 5 | C19: 2493154 | D19: =C19/$B$8 -> 0.016370454
A20: Impermeabilización | B20: 2 | C20: 5719380 | D20: =C20/$B$8 -> 0.037554378
A21: Carpintería y herrajes | B21: 6 | C21: 850326 | D21: =C21/$B$8 -> 0.0055833786
A22: Eléctrico | B22: 6 | C22: 11264899 | D22: =C22/$B$8 -> 0.073967156
A23: Vidrios | B23: 5 | C23: 14565152 | D23: =C23/$B$8 -> 0.095637157
... A33: Pisos y escaleras | B33: 1 | C33: 1075280 | D33: =C33/$B$8 -> 0.0070604631
A34: Impermeabilización cubierta | B34: 3 | C34: 24283640
